Workbook

Sheet DATOS INICIALES
A1: NUMERO DEL CONTRATO | B1: LICITACIÓN PÚBLICA SAB-05-009-24
A2: OBJETO | B2: RECUPERACIÓN, MANTENIMIENTO, ADECUACIONES Y OBRAS COMPLEMENTARIAS DE LAS SEDES ADMINISTRATIVAS Y BIENES DE USO PUBLICO DEL MUNICIPIO DE SABANETA | F2: MICRO EMPRESA
A3: PRESUPUESTO ESTIMADO | B3: 1169500932 | F3: PEQUEÑA EMPRESA
A4: PLAZO ESTIMADO EN MESES | B4: 2 | F4: MEDIANA EMPRESA
A5: FECHA DE PRESENTACION DE LA OFERTA | B5: 45568
A6: CAPITAL DE TRABAJO | B6: 1 | F6: SI
F7: NO

Sheet CAPACIDAD FINANCIERA
A1: DATOS DEL INTERESADO | E1: INFORMACIÓN FINANCIERA - RUP | N1: CAPACIDAD FINANCIERA | AB1: CAPACIDAD ORGANIZACIONAL | AJ1: EVALUACION CAPACIDAD FINANCIERA | AK1: EVALUACION CAPACIDAD ORGANIZACIONAL | AL1: OBSERVACIONES
N2: CAPITAL DE TRABAJO (CT) Y CAPITAL DE TRABAJO DEMANDADO (CTd) | P2: INDICE DE LIQUIDEZ (L) | T2: INDICE DE ENDEUDAMIENTO (IE) | X2: RAZON DE COBERTURA DE INTERESES (RCI) | AB2: RENTABILIDAD DEL PATRIMONIO (ROE) | AF2: RENTABILIDAD DEL ACTIVO (ROA)
A3: OFERTA (Celda editable) | B3: PROPONENTE (Celda editable) | C3: NIT (Celda editable) | D3: PORCENTAJE DE PARTICIPACIÓN (Celda editable) | E3: ACTIVO CORRIENTE (AC) (Celda editable) | F3: ACTIVO TOTAL (AT) (Celda editable) | G3: PASIVO CORRIENTE (PC) (Celda editable) | H3: PASIVO TOTAL (PT) (Celda editable) | I3: CAPITAL DE TRABAJO (CT) CT = (AC - PC) | J3: PATRIMONIO (P) P = (AT - PT) | K3: UTILIDAD OPERACIONAL (UO) (Celda editable) | L3: GASTOS DE INTERESES (GI) (Celda editable) | M3: CLASIFICACIÓN (Celda editable) | N3: Fórmula: Capital de trabajo = CT CT= ( AC - PC ) | P3: Fórmula: Índice de Liquidez = L L = (AC / PC) | T3: Fórmula: Índice de Endeudamiento = IE IE = (PT / AT) | X3: Fórmula: Razón Cobertura Intereses = RCI RCI = (UO / GI) | AB3: Fórmula: Rentabilidad del Patrimonio (ROE) ROE=(UO/P) | AF3: Fórmula: Rentabilidad del Activo (ROA) ROA=(UO/AT) | AJ3: HÁBIL / NO HÁBIL | AK3: HÁBIL / NO HÁBIL | AL3: CON OBSERVACIONES? | AM3: DESCRIPCIÓN DE LAS OBSERVACIONES
N4: Req. CT > = | O4: ='DATOS INICIALES'!$B$3*'DATOS INICIALES'!$B$6 -> 1169500932 | P4: Req. L: > = | R4: 4.5 | T4: Req. IE: < = | V4: 0.4 | X4: Req. RCI: > = | Z4: 5 | AB4: Req. ROE: > = | AD4: 0.15 | AF4: Req. ROA: > = | AH4: 0.15
N5: RESULTADO | O5: CRITERIO | P5: AC PONDERADO | Q5: PC PONDERADO | R5: RESULTADO | S5: CRITERIO | T5: PT PONDERADO | U5: AT PONDERADO | V5: RESULTADO | W5: CRITERIO | X5: UO PONDERADO | Y5: GI PONDERADO | Z5: RESULTADO | AA5: CRITERIO | AB5: UO PONDERADO | AC5: P PONDERADO | AD5: RESULTADO | AE5: CRITERIO | AF5: UO PONDERADO | AG5: AT PONDERADO | AH5: RESULTADO | AI5: CRITERIO
A6: 1 | B6: CONSORCIO JG SAB MANTENIMIENTO | N6: =SUM(N7:N8) -> 4767247006 | O6: =IF(N6>=$O$4,"CUMPLE","NO CUMPLE") -> CUMPLE | P6: =SUM(P7:P8) -> 3.7113289e+09 | Q6: =SUM(Q7:Q8) -> 385910400 | R6: =P6/Q6 -> 9.6170741 | S6: =IF(R6>=$R$4,"CUMPLE","NO CUMPLE") -> CUMPLE | T6: =SUM(T7:T8) -> 697410400 | U6: =SUM(U7:U8) -> 3.8092336e+09 | V6: =T6/U6 -> 0.18308418 | W6: =IF(V6<=$V$4,"CUMPLE","NO CUMPLE") -> CUMPLE | X6: =SUM(X7:X8) -> 6.3785411e+08 | Y6: =SUM(Y7:Y8) -> 20340371 | Z6: =X6/Y6 -> 31.359021 | AA6: =IF(Z6>=$Z$4,"CUMPLE","NO CUMPLE") -> CUMPLE | AB6: =SUM(AB7:AB8) -> 6.3785411e+08 | AC6: =SUM(AC7:AC8) -> 3.1118232e+09 | AD6: =AB6/AC6 -> 0.20497762 | AE6: =IF(AD6>=$AD$4,"CUMPLE","NO CUMPLE") -> CUMPLE | AF6: =SUM(AF7:AF8) -> 6.3785411e+08 | AG6: =SUM(AG7:AG8) -> 3.8092336e+09 | AH6: =AF6/AG6 -> 0.16744946 | AI6: =IF(AH6>=$AH$4,"CUMPLE","NO CUMPLE") -> CUMPLE | AJ6: =IF(COUNTIF(AL7:AL8,"SI")>=1,"NO CUMPLE",IF(COUNTIF(N6:AA6,"NO CUMPLE")>=1,"NO CUMPLE","CUMPLE")) -> CUMPLE | AK6: =IF(COUNTIF(AL7:AL8,"SI")>=1,"NO CUMPLE",IF(COUNTIF(AB6:AI6,"NO CUMPLE")>=1,"NO CUMPLE","CUMPLE")) -> CUMPLE
A7: 1.1 | B7: JCONSTRUINT S.A.S. | C7: 900.834.575-7 | D7: 0.3 | E7: 30990006 | F7: 313239006 | G7: 1854000 | H7: 1854000 | I7: =+E7-G7 -> 29136006 | J7: =+F7-H7 -> 311385006 | K7: 18412706 | L7: 1154236 | M7: MICRO EMPRESA | N7: =I7 -> 29136006 | P7: =E7*D7 -> 9297001.8 | Q7: =G7*D7 -> 556200 | T7: =H7*D7 -> 556200 | U7: =F7*D7 -> 93971702 | X7: =K7*D7 -> 5523811.8 | Y7: =L7*D7 -> 346270.8 | AB7: =K7*D7 -> 5523811.8 | AC7: =J7*D7 -> 93415502 | AF7: =K7*D7 -> 5523811.8 | AG7: =F7*D7 -> 93971702 | AL7: NO
A8: 1.2 | B8: GERMINAR PROYECTOS S.A.S | C8: 901.194.419-2 | D8: 0.7 | E8: 5288617000 | F8: 5307517000 | G8: 550506000 | H8: 995506000 | I8: =+E8-G8 -> 4738111000 | J8: =+F8-H8 -> 4312011000 | K8: 903329000 | L8: 28563000 | M8: PEQUEÑA EMPRESA | N8: =I8 -> 4738111000 | P8: =E8*D8 -> 3702031900 | Q8: =G8*D8 -> 385354200 | T8: =H8*D8 -> 696854200 | U8: =F8*D8 -> 3715261900 | X8: =K8*D8 -> 632330300 | Y8: =L8*D8 -> 19994100 | AB8: =K8*D8 -> 632330300 | AC8: =J8*D8 -> 3018407700 | AF8: =K8*D8 -> 632330300 | AG8: =F8*D8 -> 3715261900 | AL8: NO
A9: 2 | B9: MARY SOL DUQUE HURTADO | C9: 43.757.484-7 | D9: 1 | E9: 1800018036 | F9: 2520912356 | G9: 34744554 | H9: 877663771 | I9: =+E9-G9 -> 1765273482 | J9: =+F9-H9 -> 1643248585 | K9: 555469576 | L9: 35130631 | M9: MEDIANA EMPRESA | N9: =I9 -> 1765273482 | O9: =IF(N9>=$O$4,"CUMPLE","NO CUMPLE") -> CUMPLE | P9: =E9*D9 -> 1800018036 | Q9: =G9*D9 -> 34744554 | R9: =P9/Q9 -> 51.807199 | S9: =IF(R9>=$R$4,"CUMPLE","NO CUMPLE") -> CUMPLE | T9: =H9*D9 -> 877663771 | U9: =F9*D9 -> 2520912356 | V9: =T9/U9 -> 0.34815323 | W9: =IF(V9<=$V$4,"CUMPLE","NO CUMPLE") -> CUMPLE | X9: =K9*D9 -> 555469576 | Y9: =L9*D9 -> 35130631 | Z9: =X9/Y9 -> 15.811546 | AA9: =IF(Z9>=$Z$4,"CUMPLE","NO CUMPLE") -> CUMPLE | AB9: =K9*D9 -> 555469576 | AC9: =J9*D9 -> 1643248585 | AD9: =AB9/AC9 -> 0.33803137 | AE9: =IF(AD9>=$AD$4,"CUMPLE","NO CUMPLE") -> CUMPLE | AF9: =K9*D9 -> 555469576 | AG9: =F9*D9 -> 2520912356 | AH9: =AF9/AG9 -> 0.22034466 | AI9: =IF(AH9>=$AH$4,"CUMPLE","NO CUMPLE") -> CUMPLE | AJ9: =IF(COUNTIF(AL9,"SI")>=1,"NO CUMPLE",IF(COUNTIF(N9:AA9,"NO CUMPLE")>=1,"NO CUMPLE","CUMPLE")) -> CUMPLE | AK9: =IF(COUNTIF(AL9,"SI")>=1,"NO CUMPLE",IF(COUNTIF(AB9:AI9,"NO CUMPLE")>=1,"NO CUMPLE","CUMPLE")) -> CUMPLE | AL9: NO
A10: 3 | B10: INSEREL INGENIERIA EN SERVICIOS ELECTRICOS DE COMUNICACIONES Y DE GAS LTDA | C10: 800.221.086-3 | D10: 1 | E10: 3622194973 | F10: 3794848867 | G10: 38549617 | H10: 38549617 | I10: =+E10-G10 -> 3583645356 | J10: =+F10-H10 -> 3756299250 | K10: 1223772174 | L10: 9001568 | M10: PEQUEÑA EMPRESA | N10: =I10 -> 3583645356 | O10: =IF(N10>=$O$4,"CUMPLE","NO CUMPLE") -> CUMPLE | P10: =E10*D10 -> 3622194973 | Q10: =G10*D10 -> 38549617 | R10: =P10/Q10 -> 93.961893 | S10: =IF(R10>=$R$4,"CUMPLE","NO CUMPLE") -> CUMPLE | T10: =H10*D10 -> 38549617 | U10: =F10*D10 -> 3794848867 | V10: =T10/U10 -> 0.010158406 | W10: =IF(V10<=$V$4,"CUMPLE","NO CUMPLE") -> CUMPLE | X10: =K10*D10 -> 1223772174 | Y10: =L10*D10 -> 9001568 | Z10: =X10/Y10 -> 135.951 | AA10: =IF(Z10>=$Z$4,"CUMPLE","NO CUMPLE") -> CUMPLE | AB10: =K10*D10 -> 1223772174 | AC10: =J10*D10 -> 3756299250 | AD10: =AB10/AC10 -> 0.32579198 | AE10: =IF(AD10>=$AD$4,"CUMPLE","NO CUMPLE") -> CUMPLE | AF10: =K10*D10 -> 1223772174 | AG10: =F10*D10 -> 3794848867 | AH10: =AF10/AG10 -> 0.32248245 | AI10: =IF(AH10>=$AH$4,"CUMPLE","NO CUMPLE") -> CUMPLE | AJ10: =IF(COUNTIF(AL10,"SI")>=1,"NO CUMPLE",IF(COUNTIF(N10:AA10,"NO CUMPLE")>=1,"NO CUMPLE","CUMPLE")) -> CUMPLE | AK10: =IF(COUNTIF(AL10,"SI")>=1,"NO CUMPLE",IF(COUNTIF(AB10:AI10,"NO CUMPLE")>=1,"NO CUMPLE","CUMPLE")) -> CUMPLE | AL10: NO
A11: 4 | B11: CONSORCIO MANTENIMIENTOS 2024 | N11: =SUM(N12:N13) -> 3687718929 | O11: =IF(N11>=$O$4,"CUMPLE","NO CUMPLE") -> CUMPLE | P11: =SUM(P12:P13) -> 1.6819778e+09 | Q11: =SUM(Q12:Q13) -> 315968735 | R11: =P11/Q11 -> 5.3232414 | S11: =IF(R11>=$R$4,"CUMPLE","NO CUMPLE") -> CUMPLE | T11: =SUM(T12:T13) -> 5.7412602e+08 | U11: =SUM(U12:U13) -> 2.0732707e+09 | V11: =T11/U11 -> 0.27691802 | W11: =IF(V11<=$V$4,"CUMPLE","NO CUMPLE") -> CUMPLE | X11: =SUM(X12:X13) -> 5.2349929e+08 | Y11: =SUM(Y12:Y13) -> 626560 | Z11: =X11/Y11 -> 835.51343 | AA11: =IF(Z11>=$Z$4,"CUMPLE","NO CUMPLE") -> CUMPLE | AB11: =SUM(AB12:AB13) -> 5.2349929e+08 | AC11: =SUM(AC12:AC13) -> 1.4991447e+09 | AD11: =AB11/AC11 -> 0.34919865 | AE11: =IF(AD11>=$AD$4,"CUMPLE","NO CUMPLE") -> CUMPLE | AF11: =SUM(AF12:AF13) -> 5.2349929e+08 | AG11: =SUM(AG12:AG13) -> 2.0732707e+09 | AH11: =AF11/AG11 -> 0.25249925 | AI11: =IF(AH11>=$AH$4,"CUMPLE","NO CUMPLE") -> CUMPLE | AJ11: =IF(COUNTIF(AL12:AL13,"SI")>=1,"NO CUMPLE",IF(COUNTIF(N11:AA11,"NO CUMPLE")>=1,"NO CUMPLE","CUMPLE")) -> CUMPLE | AK11: =IF(COUNTIF(AL12:AL13,"SI")>=1,"NO CUMPLE",IF(COUNTIF(AB11:AI11,"NO CUMPLE")>=1,"NO CUMPLE","CUMPLE")) -> CUMPLE
A12: 4.1 | B12: ERNEY CASTAÑO GONZALEZ | C12: 15.438.736-8 | D12: 0.3 | E12: 3930750131 | F12: 4530750131 | G12: 892264784 | H12: 1511858411 | I12: =+E12-G12 -> 3038485347 | J12: =+F12-H12 -> 3018891720 | K12: 789339578 | L12: 500000 | M12: MEDIANA EMPRESA | N12: =I12 -> 3038485347 | P12: =E12*D12 -> 1.179225e+09 | Q12: =G12*D12 -> 2.6767944e+08 | T12: =H12*D12 -> 4.5355752e+08 | U12: =F12*D12 -> 1.359225e+09 | X12: =K12*D12 -> 2.3680187e+08 | Y12: =L12*D12 -> 150000 | AB12: =K12*D12 -> 2.3680187e+08 | AC12: =J12*D12 -> 905667516 | AF12: =K12*D12 -> 2.3680187e+08 | AG12: =F12*D12 -> 1.359225e+09 | AL12: NO
A13: 4.2 | B13: M3 GRUPO EMPRESARIAL S.A.S | C13: 901.126.277-3 | D13: 0.7 | E13: 718218296 | F13: 1020065246 | G13: 68984714 | H13: 172240714 | I13: =+E13-G13 -> 649233582 | J13: =+F13-H13 -> 847824532 | K13: 409567744 | L13: 680800 | M13: PEQUEÑA EMPRESA | N13: =I13 -> 649233582 | P13: =E13*D13 -> 5.0275281e+08 | Q13: =G13*D13 -> 48289300 | T13: =H13*D13 -> 1.205685e+08 | U13: =F13*D13 -> 7.1404567e+08 | X13: =K13*D13 -> 2.8669742e+08 | Y13: =L13*D13 -> 476560 | AB13: =K13*D13 -> 2.8669742e+08 | AC13: =J13*D13 -> 5.9347717e+08 | AF13: =K13*D13 -> 2.8669742e+08 | AG13: =F13*D13 -> 7.1404567e+08 | AL13: NO
A14: 5 | B14: CONSORCIO AINCO 2024 | N14: =SUM(N15:N16) -> 4582330029 | O14: =IF(N14>=$O$4,"CUMPLE","NO CUMPLE") -> CUMPLE | P14: =SUM(P15:P16) -> 2.4627615e+09 | Q14: =SUM(Q15:Q16) -> 97603644 | R14: =P14/Q14 -> 25.23227 | S14: =IF(R14>=$R$4,"CUMPLE","NO CUMPLE") -> CUMPLE | T14: =SUM(T15:T16) -> 1.0707106e+09 | U14: =SUM(U15:U16) -> 3.4804118e+09 | V14: =T14/U14 -> 0.30763907 | W14: =IF(V14<=$V$4,"CUMPLE","NO CUMPLE") -> CUMPLE | X14: =SUM(X15:X16) -> 6.7602686e+08 | Y14: =SUM(Y15:Y16) -> 133964.8 | Z14: =X14/Y14 -> 5046.3022 | AA14: =IF(Z14>=$Z$4,"CUMPLE","NO CUMPLE") -> CUMPLE | AB14: =SUM(AB15:AB16) -> 6.7602686e+08 | AC14: =SUM(AC15:AC16) -> 2.4097012e+09 | AD14: =AB14/AC14 -> 0.28054386 | AE14: =IF(AD14>=$AD$4,"CUMPLE","NO CUMPLE") -> CUMPLE | AF14: =SUM(AF15:AF16) -> 6.7602686e+08 | AG14: =SUM(AG15:AG16) -> 3.4804118e+09 | AH14: =AF14/AG14 -> 0.19423761 | AI14: =IF(AH14>=$AH$4,"CUMPLE","NO CUMPLE") -> CUMPLE | AJ14: =IF(COUNTIF(AL15:AL16,"SI")>=1,"NO CUMPLE",IF(COUNTIF(N14:AA14,"NO CUMPLE")>=1,"NO CUMPLE","CUMPLE")) -> CUMPLE | AK14: =IF(COUNTIF(AL15:AL16,"SI")>=1,"NO CUMPLE",IF(COUNTIF(AB14:AI14,"NO CUMPLE")>=1,"NO CUMPLE","CUMPLE")) -> CUMPLE
A15: 5.1 | B15: ANGELA MARIA CARDENAS ZAPATA | C15: 43.150.821-1 | D15: 0.55 | E15: 3108611961 | F15: 4958885173 | G15: 77518074 | H15: 1155996494 | I15: =+E15-G15 -> 3031093887 | J15: =+F15-H15 -> 3802888679 | K15: 668826000 | L15: 241936 | M15: PEQUEÑA EMPRESA | N15: =I15 -> 3031093887 | P15: =E15*D15 -> 1.7097366e+09 | Q15: =G15*D15 -> 42634941 | T15: =H15*D15 -> 6.3579807e+08 | U15: =F15*D15 -> 2.7273868e+09 | X15: =K15*D15 -> 367854300 | Y15: =L15*D15 -> 133064.8 | AB15: =K15*D15 -> 367854300 | AC15: =J15*D15 -> 2.0915888e+09 | AF15: =K15*D15 -> 367854300 | AG15: =F15*D15 -> 2.7273868e+09 | AL15: NO
A16: 5.2 | B16: INCOCAZA S.A.S. | C16: 900.901.565-0 | D16: 0.45 | E16: 1673388817 | F16: 1673388817 | G16: 122152675 | H16: 966472392 | I16: =+E16-G16 -> 1551236142 | J16: =+F16-H16 -> 706916425 | K16: 684827912 | L16: 2000 | M16: PEQUEÑA EMPRESA | N16: =I16 -> 1551236142 | P16: =E16*D16 -> 7.5302497e+08 | Q16: =G16*D16 -> 54968704 | T16: =H16*D16 -> 4.3491258e+08 | U16: =F16*D16 -> 7.5302497e+08 | X16: =K16*D16 -> 3.0817256e+08 | Y16: =L16*D16 -> 900 | AB16: =K16*D16 -> 3.0817256e+08 | AC16: =J16*D16 -> 3.1811239e+08 | AF16: =K16*D16 -> 3.0817256e+08 | AG16: =F16*D16 -> 7.5302497e+08 | AL16: NO

Sheet CAPACIDAD RESIDUAL
A1: DATOS DEL INTERESADO | E1: EVALUACION | L1: OBSERVACIONES
A2: OFERTA | B2: PROPONENTE | C2: NIT | D2: PORCENTAJE DE PARTICIPACIÓN | E2: Capacidad de Organización (CO) | F2: Experiencia (E) | G2: Capacidad Financiera (CF) | H2: Capacidad Técnica (CT) | I2: Saldo de los Contratos en Ejecución (SCE) | J2: Capacidad Residual (CR) | K2: CUMPLIMIENTO | L2: CON OBSERVACIONES? | M2: DESCRIPCIÓN DE LAS OBSERVACIONES
A6: 1 | B6: CONSORCIO JG SAB MANTENIMIENTO | J6: =INDIRECT(A6&"!K"&16) -> 1.4765712e+10 | K6: =IF(COUNTIF(L7:L8,"SI")>=1,"NO CUMPLE",IF(J6>'DATOS INICIALES'!$B$3,"CUMPLE","NO CUMPLE")) -> NO CUMPLE | M6: NO SUBSANA
A7: 1.1 | B7: JCONSTRUINT S.A.S. | C7: 900.834.575-7 | D7: 0.3 | E7: =INDIRECT(A6&"!G"&24) -> 2320445678 | F7: =INDIRECT(A6&"!H"&24) -> 120 | G7: =INDIRECT(A6&"!I"&24) -> 40 | H7: =INDIRECT(A6&"!J"&24) -> 40 | I7: =INDIRECT(A6&"!K"&24) -> 0 | J7: =INDIRECT(A6&"!M"&24) -> 0 | L7: NO
A8: 1.2 | B8: GERMINAR PROYECTOS S.A.S | C8: 901.194.419-2 | D8: 0.7 | E8: =INDIRECT(A6&"!G"&25) -> 5489276000 | F8: =INDIRECT(A6&"!H"&25) -> 120 | G8: =INDIRECT(A6&"!I"&25) -> 40 | H8: =INDIRECT(A6&"!I"&25) -> 40 | I8: =INDIRECT(A6&"!K"&25) -> 8.5373121e+08 | J8: =INDIRECT(A6&"!M"&25) -> 0 | L8: SI | M8: • Formato 5.C. Saldo de contratos en ejecución (SCE). No es claro en la fecha de reinicio y de suspensión de los contratos en ejecución.
A9: 2 | B9: MARY SOL DUQUE HURTADO | C9: 43.757.484-7 | D9: 1 | E9: =INDIRECT(A9&"!I"&16) -> 14800340093 | F9: =INDIRECT(A9&"!I"&17) -> 120 | G9: =INDIRECT(A9&"!I"&18) -> 40 | H9: =INDIRECT(A9&"!I"&19) -> 20 | I9: =INDIRECT(A9&"!I"&20) -> 8.4894636e+08 | J9: =INDIRECT(A9&"!K"&16) -> 2.5791666e+10 | K9: =IF(COUNTIF(L9,"SI")>=1,"NO CUMPLE",IF(J9>'DATOS INICIALES'!$B$3,"CUMPLE","NO CUMPLE")) -> CUMPLE | L9: NO
A10: 3 | B10: INSEREL INGENIERIA EN SERVICIOS ELECTRICOS DE COMUNICACIONES Y DE GAS LTDA | C10: 800.221.086-3 | D10: 1 | E10: =INDIRECT(A10&"!I"&16) -> 3897769522 | F10: =INDIRECT(A10&"!I"&17) -> 120 | G10: =INDIRECT(A10&"!I"&18) -> 40 | H10: =INDIRECT(A10&"!I"&19) -> 40 | I10: =INDIRECT(A10&"!I"&20) -> 2.3293449e+08 | J10: =INDIRECT(A10&"!K"&16) -> 7.5626046e+09 | K10: =IF(COUNTIF(L10,"SI")>=1,"NO CUMPLE",IF(J10>'DATOS INICIALES'!$B$3,"CUMPLE","NO CUMPLE")) -> CUMPLE | L10: NO
A11: 4 | B11: CONSORCIO MANTENIMIENTOS 2024 | J11: =INDIRECT(A11&"!K"&16) -> 3.0177612e+10 | K11: =IF(COUNTIF(L12:L13,"SI")>=1,"NO CUMPLE",IF(J11>'DATOS INICIALES'!$B$3,"CUMPLE","NO CUMPLE")) -> CUMPLE
A12: 4.1 | B12: ERNEY CASTAÑO GONZALEZ | C12: 15.438.736-8 | D12: 0.3 | E12: =INDIRECT(A11&"!G"&24) -> 10789469941 | F12: =INDIRECT(A11&"!H"&24) -> 120 | G12: =INDIRECT(A11&"!I"&24) -> 40 | H12: =INDIRECT(A11&"!J"&24) -> 20 | I12: =INDIRECT(A11&"!K"&24) -> 4.2666951e+08 | J12: =INDIRECT(A11&"!M"&24) -> 0 | L12: NO
A13: 4.2 | B13: M3 GRUPO EMPRESARIAL S.A.S | C13: 901.126.277-3 | D13: 0.7 | E13: =INDIRECT(A11&"!G"&25) -> 7046745183 | F13: =INDIRECT(A11&"!H"&25) -> 120 | G13: =INDIRECT(A11&"!I"&25) -> 40 | H13: =INDIRECT(A11&"!I"&25) -> 40 | I13: =INDIRECT(A11&"!K"&25) -> 2.2055802e+09 | J13: =INDIRECT(A11&"!M"&25) -> 0 | L13: NO
A14: 5 | B14: CONSORCIO AINCO 2024 | J14: =INDIRECT(A14&"!K"&16) -> 1.2629485e+10 | K14: =IF(COUNTIF(L15:L16,"SI")>=1,"NO CUMPLE",IF(J14>'DATOS INICIALES'!$B$3,"CUMPLE","NO CUMPLE")) -> CUMPLE
A15: 5.1 | B15: ANGELA MARIA CARDENAS ZAPATA | C15: 43.150.821-1 | D15: 0.55 | E15: =INDIRECT(A14&"!G"&24) -> 4861893157 | F15: =INDIRECT(A14&"!H"&24) -> 120 | G15: =INDIRECT(A14&"!I"&24) -> 40 | H15: =INDIRECT(A14&"!J"&24) -> 20 | I15: =INDIRECT(A14&"!K"&24) -> 0 | J15: =INDIRECT(A14&"!M"&24) -> 0 | L15: NO
A16: 5.2 | B16: INCOCAZA S.A.S. | C16: 900.901.565-0 | D16: 0.45 | E16: =INDIRECT(A14&"!G"&25) -> 2718961235 | F16: =INDIRECT(A14&"!H"&25) -> 120 | G16: =INDIRECT(A14&"!I"&25) -> 40 | H16: =INDIRECT(A14&"!I"&25) -> 40 | I16: =INDIRECT(A14&"!K"&25) -> 1.0160533e+09 | J16: =INDIRECT(A14&"!M"&25) -> 0 | L16: NO

Sheet 1
A1: MUNICIPIO DE SABANETA
A2: ='DATOS INICIALES'!B1 -> LICITACIÓN PÚBLICA SAB-05-009-24
A3: ='DATOS INICIALES'!B2 -> RECUPERACIÓN, MANTENIMIENTO, ADECUACIONES Y OBRAS COMPLEMENTARIAS DE LAS SEDES ADMINISTRATIVAS Y BIENES DE USO PUBLICO DEL MUNICIPIO DE SABANETA
A4: CAPACIDAD RESIDUAL (CR) - PROPONENTE PLURAL
A5: Presupuesto estimado del Proceso de Contratación ($COP) | E5: ='DATOS INICIALES'!B3 -> 1169500932 | H5: CRP: Capacidad Residual del proponente CO: Capacidad de Organización E: Experiencia CF: Capacidad financiera CT: Capacidad técnica SCE: Saldos de los Contratos en Ejecución | K5: Factor | N5: Puntaje Máximo | S5: Menos de un (1) Año
A6: Fecha de presentación de la oferta (dd-mm-aaaa) | E6: ='DATOS INICIALES'!B5 -> 45568 | K6: Experiencia (E) | N6: 120 | S6: Mas de un (1) año
A7: Porcentaje de Anticipo (%) | E7: 0 | K7: Capacidad financiera (CF) | N7: 40
A8: Plazo estimado del Proceso de Contratación (meses) | E8: ='DATOS INICIALES'!B4 -> 2 | K8: Capacidad técnica (CT) | N8: 40
A9: Capacidad Residual del Proceso de Contratación ($COP) | E9: =IF(E8<12,E5-E7*E5,(E5-E7*E5)/E8*12) -> 1169500932 | K9: Total | N9: 200
A11: CELDA EDITABLE
A13: ="Se considerará HÁBIL el proponente que presente una CR igual o superior a "&TEXT(E9,"$#.##0") -> Se considerará HÁBIL el proponente que presente una CR igual o superior a $1.169.500.932
A15: ID | C15: DATOS DEL CONSORCIO | F15: RESUMEN DE EVALUACION DEL CONSORCIO
A16: 1 | C16: PROPONENTE: | D16: =VLOOKUP(A16,'CAPACIDAD RESIDUAL'!$A$6:$D$304,2,FALSE) -> CONSORCIO JG SAB MANTENIMIENTO | F16: =$C$38 -> Capacidad de Organización (CO) | I16: N/A | J16: CR Total = | K16: =N29 -> 1.4765712e+10
F17: =$C$47 -> Experiencia (E) | I17: N/A
C18: NUMERO DE INTEGRANTES: | D18: 2 | F18: =$C$58 -> Capacidad Financiera (CF) | I18: N/A | J18: =IF(K16>$E$9,"CUMPLE","NO CUMPLE") -> CUMPLE
F19: =$C$65 -> Capacidad Técnica (CT) | I19: N/A
C20: PARTICIPACION: | D20: =F29 -> 1 | F20: =$C$70 -> Saldo de los Contratos en Ejecución (SCE) | I20: N/A
A22: RESUMEN DEL CONSORCIO
A23: ID | C23: PROPONENTES | E23: NIT | F23: PARTICIPACION | G23: CO | H23: E | I23: CF | J23: CT | K23: SCE | N23: CR TOTAL
A24: =IF(A16+D18/10>=A16+(D18-(D18-1))/10,CONCATENATE(A16,".",1),"N/A") -> 1.1 | C24: =IF(A24="N/A","",D32) -> JCONSTRUINT S.A.S. | E24: =IF(A24="N/A","",D34) -> 900.834.575-7 | F24: =IF(A24="N/A","",D36) -> 0.3 | G24: =IF(A24="N/A","",I32) -> 2320445678 | H24: =IF(A24="N/A","",I33) -> 120 | I24: =IF(A24="N/A","",I34) -> 40 | J24: =IF(A24="N/A","",I35) -> 40 | K24: =IF(A24="N/A","",I36) -> 0 | N24: =IF(A24="N/A","",K32) -> 4640891356
A25: =IF(A16+D18/10>=A16+(D18-(D18-2))/10,CONCATENATE(A16,".",2),"N/A") -> 1.2 | C25: =IF(A25="N/A","",D83) -> GERMINAR PROYECTOS S.A.S | E25: =IF(A25="N/A","",D85) -> 901.194.419-2 | F25: =IF(A25="N/A","",D87) -> 0.7 | G25: =IF(A25="N/A","",I83) -> 5489276000 | H25: =IF(A25="N/A","",I84) -> 120 | I25: =IF(A25="N/A","",I85) -> 40 | J25: =IF(A25="N/A","",I86) -> 40 | K25: =IF(A25="N/A","",I87) -> 8.5373121e+08 | N25: =IF(A25="N/A","",K83) -> 1.0124821e+10
A26: =IF(A16+D18/10>=A16+(D18-(D18-3))/10,CONCATENATE(A16,".",3),"N/A") -> N/A | C26: =IF(A26="N/A","",D134) | E26: =IF(A26="N/A","",D136) | F26: =IF(A26="N/A","",D138) | G26: =IF(A26="N/A","",I134) | H26: =IF(A26="N/A","",I135) | I26: =IF(A26="N/A","",I136) | J26: =IF(A26="N/A","",I137) | K26: =IF(A26="N/A","",I138) | N26: =IF(A26="N/A","",K134)
A27: =IF(A16+D18/10>=A16+(D18-(D18-4))/10,CONCATENATE(A16,".",4),"N/A") -> N/A | C27: =IF(A27="N/A","",D185) | E27: =IF(A27="N/A","",D187) | F27: =IF(A27="N/A","",D189) | G27: =IF(A27="N/A","",I185) | H27: =IF(A27="N/A","",I186) | I27: =IF(A27="N/A","",I187) | J27: =IF(A27="N/A","",I188) | K27: =IF(A27="N/A","",I189) | N27: =IF(A27="N/A","",K185)
A28: =IF(A16+D18/10>=A16+(D18-(D18-5))/10,CONCATENATE(A16,".",5),"N/A") -> N/A | C28: =IF(A28="N/A","",D236) | E28: =IF(A28="N/A","",D238) | F28: =IF(A28="N/A","",D240) | G28: =IF(A28="N/A","",I236) | H28: =IF(A28="N/A","",I237) | I28: =IF(A28="N/A","",I238) | J28: =IF(A28="N/A","",I239) | K28: =IF(A28="N/A","",I240) | N28: =IF(A28="N/A","",K236)
A29: TOTAL | F29: =SUM(F24:F28) -> 1 | N29: =SUM(N24:N28) -> 1.4765712e+10
A31: ID | C31: DATOS PROPONENTE | F31: RESUMEN DE EVALUACION
A32: =IF(A24="N/A","",A24) -> 1.1 | C32: PROPONENTE: | D32: =VLOOKUP(A32,'CAPACIDAD RESIDUAL'!$A$6:$D$304,2,FALSE) -> JCONSTRUINT S.A.S. | F32: =$C$38 -> Capacidad de Organización (CO) | I32: =G45 -> 2320445678 | J32: CR Total = | K32: =I32*(I33+I34+I35)/100-I36 -> 4640891356
F33: =$C$47 -> Experiencia (E) | I33: =H56 -> 120
C34: NIT: | D34: =VLOOKUP(A32,'CAPACIDAD RESIDUAL'!$A$6:$D$304,3,FALSE) -> 900.834.575-7 | F34: =$C$58 -> Capacidad Financiera (CF) | I34: =H62 -> 40 | J34: =IF(K32>$E$9,"CUMPLE","NO CUMPLE") -> CUMPLE
F35: =$C$65 -> Capacidad Técnica (CT) | I35: =H67 -> 40
C36: PARTICIPACION: | D36: =IF(A32="","",VLOOKUP(A32,'CAPACIDAD RESIDUAL'!$A$6:$D$304,4,FALSE)) -> 0.3 | F36: =$C$70 -> Saldo de los Contratos en Ejecución (SCE) | I36: =N80 -> 0
C38: Capacidad de Organización (CO) | I38: Años de información financiera | K38: Capacidad de organización (CO)
C39: Tipo de información financiera que tiene el proponente o participantes del proponente plural: | G39: Mas de un (1) año | I39: Cinco (5) años o más | K39: Mayor ingreso operacional de los últimos cinco años
C40: Año - Documento Estado de Resultado o Estado Pérdida o Ganancias | G40: 2021 | I40: Entre uno (1) y cinco (5) años | K40: Mayor ingreso operacional de los años de vida del oferente.
C41: =IF(G39="","",IF(G39=$S$5,"Valor umbral Mipyme.","Total Ingresos Operacionales Acreditados")) -> Total Ingresos Operacionales Acreditados | G41: 2320445678 | I41: Menos de un (1) año | K41: USD 125.000 | M41: 457297264
C42: Firmas Estados de Resultados
C43: CONTADOR | D43: HELMUT MICHEL TAPIAS GUZMAN | F43: Matricula y Certificado de antecedentes | H43: VIGENTE
C44: REVISOR FISCAL | D44: ANGIE TATIANA ROMERO SANCHEZ | F44: Matricula y Certificado de antecedentes | H44: VIGENTE
C45: Capacidad de Organización del proponente o participantes del proponente plural: | G45: =IF(OR(H43="SIN VIGENCIA",H43="NO APORTA",H44="SIN VIGENCIA",H44="NO APORTA"),0,IF(G39="",0,IF(G39=$S$5,M41,IF(G41<M41,M41,G41)))) -> 2320445678
C47: Experiencia (E) | I47: Mayor a | J47: Menor o igual a | K47: Puntaje
C48: % de Participación en el presente proceso | G48: =D36 -> 0.3 | I48: 0 | J48: 3 | K48: 60
C49: Presupuesto estimado del Proceso de Contratación ($COP) | G49: =$E$5 -> 1169500932 | I49: 3 | J49: 6 | K49: 80
C50: RUP | I50: 6 | J50: 10 | K50: 100
C51: Contratos relacionados con la actividad de la construcción | G51: Valor COP | I51: 10 | J51: Mayores | K51: 120
C52: Formato 5.1A o Formato 5.1B | G52: 37117030600
C54: Valor total de los contratos relacionados con la actividad de la construcción (COP) | G54: =SUM(G51:H53) -> 37117030600
C55: Factor Experiencia | H55: =IF(OR(G48="",G48=0,G54=0),0,G54/(G49*G48)) -> 105.79165
C56: Puntaje por Experiencia | H56: =IF(H55<=J48,K48,IF(H55<=J49,K49,IF(H55<=J50,K50,K51))) -> 120
C58: Capacidad Financiera (CF) | I58: Mayor a igual a | J58: Menor a | K58: Puntaje
C59: Activo Corriente | H59: =VLOOKUP(A32,'CAPACIDAD FINANCIERA'!$A$6:$AK$308,5,FALSE) -> 30990006 | I59: 0 | J59: 0.5 | K59: 20
C60: Pasivo Corriente | H60: =VLOOKUP(A32,'CAPACIDAD FINANCIERA'!$A$6:$AK$308,7,FALSE) -> 1854000 | I60: 0.5 | J60: 0.75 | K60: 25
C61: Índice de Liquidez | H61: =ROUND(IF(H59="",0,H59/H60),2) -> 16.72 | I61: 0.75 | J61: 1 | K61: 30
C62: Puntaje por Capacidad Financiera | H62: =IF(H61="",0,IF(H61<J59,K59,IF(H61<J60,K60,IF(H61<J61,K61,IF(H61<J62,K62,K63))))) -> 40 | I62: 1 | J62: 1.5 | K62: 35
I63: 1.5 | J63: Mayores | K63: 40
C65: Capacidad Técnica (CT) | I65: Desde | J65: Hasta | K65: Puntaje
C66: Número de socios y profesionales de la arquitectura, ingeniería y geología vinculados Formato 5.2 | H66: 11 | I66: 1 | J66: 5 | K66: 20
C67: Puntaje por Capacidad Técnica | H67: =IF(H66<I66,0,IF(H66<=J66,K66,IF(H66<=J67,K67,K68))) -> 40 | I67: 6 | J67: 10 | K67: 30
I68: 11 | J68: Mayores | K68: 40
C70: Saldo de los Contratos en Ejecución (SCE)
C71: Formato 5.3
C72: Contrato No. | D72: % de Participación | E72: Valor COP | F72: Plazo (meses) | G72: Fecha Inicio (dd-mm-aaaa) | H72: Suspensión No. 1 | I72: Reinicio No. 1 | J72: Suspensión No. 2 | K72: Reinicio No. 2 | L72: Saldo pendiente por ejecutar para contratos supendidos | M72: Plazo por ejecutar (días) | N72: Saldo COP
M74: =IF(C74="","",IF(IF(H74<>"",IF(I74<>"",IF(J74<>"",IF(K74<>"",G74+F74*30+(I74-H74)+(K74-J74)-$E$6,G74+F74*30+(I74-H74)-J74),G74+F74*30+(I74-H74)-$E$6),G74+F74*30-H74),G74+F74*30-$E$6)<0,0,IF(H74<>"",IF(I74<>"",IF(J74<>"",IF(K74<>"",G74+F74*30+(I74-H74)+(K74-J74)-$E$6,G74+F74*30+(I74-H74)-J74),G74+F74*30+(I74-H74)-$E$6),G74+F74*30-H74),G74+F74*30-$E$6))) | N74: =IF(L74="",IF(C74="","",IF(M74<360,D74*E74*M74/(F74*30),D74*E74*360/(F74*30))),IF(C74="","",IF(M74<360,D74*L74*M74/(F74*30),D74*L74*360/(F74*30))))
M75: =IF(C75="","",IF(IF(H75<>"",IF(I75<>"",IF(J75<>"",IF(K75<>"",G75+F75*30+(I75-H75)+(K75-J75)-$E$6,G75+F75*30+(I75-H75)-J75),G75+F75*30+(I75-H75)-$E$6),G75+F75*30-H75),G75+F75*30-$E$6)<0,0,IF(H75<>"",IF(I75<>"",IF(J75<>"",IF(K75<>"",G75+F75*30+(I75-H75)+(K75-J75)-$E$6,G75+F75*30+(I75-H75)-J75),G75+F75*30+(I75-H75)-$E$6),G75+F75*30-H75),G75+F75*30-$E$6))) | N75: =IF(L75="",IF(C75="","",IF(M75<360,D75*E75*M75/(F75*30),D75*E75*360/(F75*30))),IF(C75="","",IF(M75<360,D75*L75*M75/(F75*30),D75*L75*360/(F75*30))))
M76: =IF(C76="","",IF(IF(H76<>"",IF(I76<>"",IF(J76<>"",IF(K76<>"",G76+F76*30+(I76-H76)+(K76-J76)-$E$6,G76+F76*30+(I76-H76)-J76),G76+F76*30+(I76-H76)-$E$6),G76+F76*30-H76),G76+F76*30-$E$6)<0,0,IF(H76<>"",IF(I76<>"",IF(J76<>"",IF(K76<>"",G76+F76*30+(I76-H76)+(K76-J76)-$E$6,G76+F76*30+(I76-H76)-J76),G76+F76*30+(I76-H76)-$E$6),G76+F76*30-H76),G76+F76*30-$E$6))) | N76: =IF(L76="",IF(C76="","",IF(M76<360,D76*E76*M76/(F76*30),D76*E76*360/(F76*30))),IF(C76="","",IF(M76<360,D76*L76*M76/(F76*30),D76*L76*360/(F76*30))))
M77: =IF(C77="","",IF(IF(H77<>"",IF(I77<>"",IF(J77<>"",IF(K77<>"",G77+F77*30+(I77-H77)+(K77-J77)-$E$6,G77+F77*30+(I77-H77)-J77),G77+F77*30+(I77-H77)-$E$6),G77+F77*30-H77),G77+F77*30-$E$6)<0,0,IF(H77<>"",IF(I77<>"",IF(J77<>"",IF(K77<>"",G77+F77*30+(I77-H77)+(K77-J77)-$E$6,G77+F77*30+(I77-H77)-J77),G77+F77*30+(I77-H77)-$E$6),G77+F77*30-H77),G77+F77*30-$E$6))) | N77: =IF(L77="",IF(C77="","",IF(M77<360,D77*E77*M77/(F77*30),D77*E77*360/(F77*30))),IF(C77="","",IF(M77<360,D77*L77*M77/(F77*30),D77*L77*360/(F77*30))))
M78: =IF(C78="","",IF(IF(H78<>"",IF(I78<>"",IF(J78<>"",IF(K78<>"",G78+F78*30+(I78-H78)+(K78-J78)-$E$6,G78+F78*30+(I78-H78)-J78),G78+F78*30+(I78-H78)-$E$6),G78+F78*30-H78),G78+F78*30-$E$6)<0,0,IF(H78<>"",IF(I78<>"",IF(J78<>"",IF(K78<>"",G78+F78*30+(I78-H78)+(K78-J78)-$E$6,G78+F78*30+(I78-H78)-J78),G78+F78*30+(I78-H78)-$E$6),G78+F78*30-H78),G78+F78*30-$E$6))) | N78: =IF(L78="",IF(C78="","",IF(M78<360,D78*E78*M78/(F78*30),D78*E78*360/(F78*30))),IF(C78="","",IF(M78<360,D78*L78*M78/(F78*30),D78*L78*360/(F78*30))))
C80: Valor Total Saldo de los Contratos en Ejecución (SCE) | N80: =SUM(N73:N79) -> 0
A82: ID | C82: DATOS PROPONENTE | F82: RESUMEN DE EVALUACION
A83: =IF(A25="N/A","",A25) -> 1.2 | C83: PROPONENTE: | D83: =VLOOKUP(A83,'CAPACIDAD RESIDUAL'!$A$6:$D$304,2,FALSE) -> GERMINAR PROYECTOS S.A.S | F83: =$C$38 -> Capacidad de Organización (CO) | I83: =G96 -> 5489276000 | J83: CR Total = | K83: =I83*(I84+I85+I86)/100-I87 -> 1.0124821e+10
F84: =$C$47 -> Experiencia (E) | I84: =H107 -> 120
C85: NIT: | D85: =VLOOKUP(A83,'CAPACIDAD RESIDUAL'!$A$6:$D$304,3,FALSE) -> 901.194.419-2 | F85: =$C$58 -> Capacidad Financiera (CF) | I85: =H113 -> 40 | J85: =IF(K83>$E$9,"CUMPLE","NO CUMPLE") -> CUMPLE
F86: =$C$65 -> Capacidad Técnica (CT) | I86: =H118 -> 40
C87: PARTICIPACION: | D87: =IF(A83="","",VLOOKUP(A83,'CAPACIDAD RESIDUAL'!$A$6:$D$304,4,FALSE)) -> 0.7 | F87: =$C$70 -> Saldo de los Contratos en Ejecución (SCE) | I87: =N131 -> 8.5373121e+08
C89: Capacidad de Organización (CO) | I89: Años de información financiera | K89: Capacidad de organización (CO)
C90: Tipo de información financiera que tiene el proponente o participantes del proponente plural: | G90: Mas de un (1) año | I90: Cinco (5) años o más | K90: Mayor ingreso operacional de los últimos cinco años
C91: Año - Documento Estado de Resultado o Estado Pérdida o Ganancias | G91: 2023 | I91: Entre uno (1) y cinco (5) años | K91: Mayor ingreso operacional de los años de vida del oferente.
C92: =IF(G90="","",IF(G90=$S$5,"Valor umbral Mipyme.","Total Ingresos Operacionales Acreditados")) -> Total Ingresos Operacionales Acreditados | G92: 5489276000 | I92: Menos de un (1) año | K92: USD 125.000 | M92: 457297264
C93: Firmas Estados de Resultados
C94: CONTADOR | D94: JESUS PANCRACIO BARDO LLAMAS | F94: Matricula y Certificado de antecedentes | H94: VIGENTE
C95: REVISOR FISCAL | D95: ARLETH ANGELICA RODRIGUEZ TEJEDA | F95: Matricula y Certificado de antecedentes | H95: VIGENTE
C96: Capacidad de Organización del proponente o participantes del proponente plural: | G96: =IF(OR(H94="SIN VIGENCIA",H94="NO APORTA",H95="SIN VIGENCIA",H95="NO APORTA"),0,IF(G90="",0,IF(G90=$S$5,M92,IF(G92<M92,M92,G92)))) -> 5489276000
C98: Experiencia (E) | I98: Mayor a | J98: Menor o igual a | K98: Puntaje
C99: % de Participación en el presente proceso | G99: =D87 -> 0.7 | I99: 0 | J99: 3 | K99: 60
C100: Presupuesto estimado del Proceso de Contratación ($COP) | G100: =$E$5 -> 1169500932 | I100: 3 | J100: 6 | K100: 80
C101: RUP | I101: 6 | J101: 10 | K101: 100
C102: Contratos relacionados con la actividad de la construcción | G102: Valor COP | I102: 10 | J102: Mayores | K102: 120
C103: Formato 5.1A o Formato 5.1B | G103: 398971938300
C105: Valor total de los contratos relacionados con la actividad de la construcción (COP) | G105: =SUM(G102:H104) -> 398971938300
C106: Factor Experiencia | H106: =IF(OR(G99="",G99=0,G105=0),0,G105/(G100*G99)) -> 487.35311
C107: Puntaje por Experiencia | H107: =IF(H106<=J99,K99,IF(H106<=J100,K100,IF(H106<=J101,K101,K102))) -> 120
C109: Capacidad Financiera (CF) | I109: Mayor a igual a | J109: Menor a | K109: Puntaje
C110: Activo Corriente | H110: =VLOOKUP(A83,'CAPACIDAD FINANCIERA'!$A$6:$AK$308,5,FALSE) -> 5288617000 | I110: 0 | J110: 0.5 | K110: 20
C111: Pasivo Corriente | H111: =VLOOKUP(A83,'CAPACIDAD FINANCIERA'!$A$6:$AK$308,7,FALSE) -> 550506000 | I111: 0.5 | J111: 0.75 | K111: 25
C112: Índice de Liquidez | H112: =ROUND(IF(H110="",0,H110/H111),2) -> 9.61 | I112: 0.75 | J112: 1 | K112: 30
C113: Puntaje por Capacidad Financiera | H113: =IF(H112="",0,IF(H112<J110,K110,IF(H112<J111,K111,IF(H112<J112,K112,IF(H112<J113,K113,K114))))) -> 40 | I113: 1 | J113: 1.5 | K113: 35
I114: 1.5 | J114: Mayores | K114: 40
C116: Capacidad Técnica (CT) | I116: Desde | J116: Hasta | K116: Puntaje
C117: Número de socios y profesionales de la arquitectura, ingeniería y geología vinculados Formato 5.2 | H117: 25 | I117: 1 | J117: 5 | K117: 20
C118: Puntaje por Capacidad Técnica | H118: =IF(H117<I117,0,IF(H117<=J117,K117,IF(H117<=J118,K118,K119))) -> 40 | I118: 6 | J118: 10 | K118: 30
I119: 11 | J119: Mayores | K119: 40
...

Sheet 2
A1: MUNICIPIO DE SABANETA
A2: LICITACIÓN PÚBLICA SAB-05-008-24
A3: REHABILITACIÓN Y MANTENIMIENTO DE LAS VÍAS URBANAS Y RURALES EN EL MUNICIPIO DE SABANETA
A4: CAPACIDAD RESIDUAL (CR) - PROPONENTE INDIVIDUAL
A5: Presupuesto estimado del Proceso de Contratación ($COP) | E5: ='DATOS INICIALES'!B3 -> 1169500932 | H5: CRP: Capacidad Residual del proponente CO: Capacidad de Organización E: Experiencia CF: Capacidad financiera CT: Capacidad técnica SCE: Saldos de los Contratos en Ejecución | K5: Factor | N5: Puntaje Máximo | S5: Menos de un (1) Año
A6: Fecha de presentación de la oferta (dd-mm-aaaa) | E6: ='DATOS INICIALES'!B5 -> 45568 | K6: Experiencia (E) | N6: 120 | S6: Mas de un (1) año
A7: Porcentaje de Anticipo (%) | E7: 0 | K7: Capacidad financiera (CF) | N7: 40
A8: Plazo estimado del Proceso de Contratación (meses) | E8: ='DATOS INICIALES'!B4 -> 2 | K8: Capacidad técnica (CT) | N8: 40
A9: Capacidad Residual del Proceso de Contratación ($COP) | E9: =IF(E8<12,E5-E7*E5,(E5-E7*E5)/E8*12) -> 1169500932 | K9: Total | N9: 200
A11: CELDA EDITABLE
A13: ="Se considerará HÁBIL el proponente que presente una CR igual o superior a "&TEXT(E9,"$#.##0") -> Se considerará HÁBIL el proponente que presente una CR igual o superior a $1.169.500.932
A15: ID | C15: DATOS PROPONENTE | F15: RESUMEN DE EVALUACION
A16: 2 | C16: PROPONENTE: | D16: =VLOOKUP(A16,'CAPACIDAD RESIDUAL'!$A$6:$D$304,2,FALSE) -> MARY SOL DUQUE HURTADO | F16: =C22 -> Capacidad de Organización (CO) | I16: =G29 -> 14800340093 | J16: CR Total = | K16: =G29*(H40+H46+H51)/100-N64 -> 2.5791666e+10
F17: =C31 -> Experiencia (E) | I17: =H40 -> 120
C18: NIT: | D18: =VLOOKUP(A16,'CAPACIDAD RESIDUAL'!$A$6:$D$304,3,FALSE) -> 43.757.484-7 | F18: =C42 -> Capacidad Financiera (CF) | I18: =H46 -> 40 | J18: =IF(K16>$E$9,"CUMPLE","NO CUMPLE") -> CUMPLE
F19: =C49 -> Capacidad Técnica (CT) | I19: =H51 -> 20
C20: PARTICIPACION: | D20: =VLOOKUP(A16,'CAPACIDAD RESIDUAL'!$A$6:$D$304,4,FALSE) -> 1 | F20: =C54 -> Saldo de los Contratos en Ejecución (SCE) | I20: =N64 -> 8.4894636e+08
C22: Capacidad de Organización (CO) | I22: Años de información financiera | K22: Capacidad de organización (CO)
C23: Tipo de información financiera que tiene el proponente o participantes del proponente plural: | G23: Mas de un (1) año | I23: Cinco (5) años o más | K23: Mayor ingreso operacional de los últimos cinco años
C24: Año - Documento Estado de Resultado o Estado Pérdida o Ganancias | G24: 2022 | I24: Entre uno (1) y cinco (5) años | K24: Mayor ingreso operacional de los años de vida del oferente.
C25: =IF(G23="","",IF(G23=$S$5,"Valor umbral Mipyme.","Total Ingresos Operacionales Acreditados")) -> Total Ingresos Operacionales Acreditados | G25: 14800340093 | I25: Menos de un (1) año | K25: USD 125.000 | M25: 457297264
C26: Firmas Estados de Resultados
C27: CONTADOR | D27: PAULA ANDREA RESTREPO GRISALES | F27: Matricula y Certificado de antecedentes | H27: VIGENTE
C28: REVISOR FISCAL | F28: Matricula y Certificado de antecedentes | H28: VIGENTE
C29: Capacidad de Organización del proponente o participantes del proponente plural: | G29: =IF(OR(H27="SIN VIGENCIA",H27="NO APORTA",H28="SIN VIGENCIA",H28="NO APORTA"),0,IF(G23="",0,IF(G23=$S$5,M25,IF(G25<M25,M25,G25)))) -> 14800340093
C31: Experiencia (E) | I31: Mayor a | J31: Menor o igual a | K31: Puntaje
C32: % de Participación en el presente proceso | G32: =$D$20 -> 1 | I32: 0 | J32: 3 | K32: 60
C33: Presupuesto estimado del Proceso de Contratación ($COP) | G33: =$E$5 -> 1169500932 | I33: 3 | J33: 6 | K33: 80
C34: RUP | I34: 6 | J34: 10 | K34: 100
C35: Contratos relacionados con la actividad de la construcción | G35: Valor COP | I35: 10 | J35: Mayores | K35: 120
C36: Formato 5.1A o Formato 5.1B | G36: 94880364150
C38: Valor total de los contratos relacionados con la actividad de la construcción (COP) | G38: =SUM(G35:H37) -> 94880364150
C39: Factor Experiencia | H39: =IF(OR(G32="",G32=0,G38=0),0,G38/(G33*G32)) -> 81.128934
C40: Puntaje por Experiencia | H40: =IF(H39<=J32,K32,IF(H39<=J33,K33,IF(H39<=J34,K34,K35))) -> 120
C42: Capacidad Financiera (CF) | I42: Mayor a igual a | J42: Menor a | K42: Puntaje
C43: Activo Corriente | H43: =VLOOKUP(A16,'CAPACIDAD FINANCIERA'!$A$6:$AK$308,5,FALSE) -> 1800018036 | I43: 0 | J43: 0.5 | K43: 20
C44: Pasivo Corriente | H44: =VLOOKUP(A16,'CAPACIDAD FINANCIERA'!$A$6:$AK$308,7,FALSE) -> 34744554 | I44: 0.5 | J44: 0.75 | K44: 25
C45: Índice de Liquidez | H45: =IFERROR(ROUND(IF(H43="",0,H43/H44),2),0) -> 51.81 | I45: 0.75 | J45: 1 | K45: 30
C46: Puntaje por Capacidad Financiera | H46: =IF(H44=0,K47,IF(H45="",0,IF(H45<J43,K43,IF(H45<J44,K44,IF(H45<J45,K45,IF(H45<J46,K46,K47)))))) -> 40 | I46: 1 | J46: 1.5 | K46: 35
I47: 1.5 | J47: Mayores | K47: 40
C49: Capacidad Técnica (CT) | I49: Desde | J49: Hasta | K49: Puntaje
C50: Número de socios y profesionales de la arquitectura, ingeniería y geología vinculados Formato 5.2 | H50: 1 | I50: 1 | J50: 5 | K50: 20
C51: Puntaje por Capacidad Técnica | H51: =IF(H50<I50,0,IF(H50<=J50,K50,IF(H50<=J51,K51,K52))) -> 20 | I51: 6 | J51: 10 | K51: 30
I52: 11 | J52: Mayores | K52: 40
C54: Saldo de los Contratos en Ejecución (SCE)
C55: Formato 5.3
C56: Contrato No. | D56: % de Participación | E56: Valor COP | F56: Plazo (meses) | G56: Fecha Inicio | H56: Suspensión No. 1 | I56: Reinicio No. 1 | J56: Suspensión No. 2 | K56: Reinicio No. 2 | L56: Saldo pendiente por ejecutar para contratos supendidos | M56: Plazo por ejecutar (días) | N56: Saldo COP
C58: 1 | D58: 0.15 | E58: 24969010466 | F58: 17.5 | G58: 45162 | M58: =IF(C58="","",IF(IF(H58<>"",IF(I58<>"",IF(J58<>"",IF(K58<>"",G58+F58*30+(I58-H58)+(K58-J58)-$E$6,G58+F58*30+(I58-H58)-J58),G58+F58*30+(I58-H58)-$E$6),G58+F58*30-H58),G58+F58*30-$E$6)<0,0,IF(H58<>"",IF(I58<>"",IF(J58<>"",IF(K58<>"",G58+F58*30+(I58-H58)+(K58-J58)-$E$6,G58+F58*30+(I58-H58)-J58),G58+F58*30+(I58-H58)-$E$6),G58+F58*30-H58),G58+F58*30-$E$6))) -> 119 | N58: =IF(L58="",IF(C58="","",IF(M58<360,D58*E58*M58/(F58*30),D58*E58*360/(F58*30))),IF(C58="","",IF(M58<360,D58*L58*M58/(F58*30),D58*L58*360/(F58*30)))) -> 8.4894636e+08
C59: 2 | D59: 0.1 | E59: 637827526 | F59: 9 | G59: 45163 | H59: 45490 | I59: 45485 | M59: =IF(C59="","",IF(IF(H59<>"",IF(I59<>"",IF(J59<>"",IF(K59<>"",G59+F59*30+(I59-H59)+(K59-J59)-$E$6,G59+F59*30+(I59-H59)-J59),G59+F59*30+(I59-H59)-$E$6),G59+F59*30-H59),G59+F59*30-$E$6)<0,0,IF(H59<>"",IF(I59<>"",IF(J59<>"",IF(K59<>"",G59+F59*30+(I59-H59)+(K59-J59)-$E$6,G59+F59*30+(I59-H59)-J59),G59+F59*30+(I59-H59)-$E$6),G59+F59*30-H59),G59+F59*30-$E$6))) -> 0 | N59: =IF(L59="",IF(C59="","",IF(M59<360,D59*E59*M59/(F59*30),D59*E59*360/(F59*30))),IF(C59="","",IF(M59<360,D59*L59*M59/(F59*30),D59*L59*360/(F59*30)))) -> 0
M60: =IF(C60="","",IF(IF(H60<>"",IF(I60<>"",IF(J60<>"",IF(K60<>"",G60+F60*30+(I60-H60)+(K60-J60)-$E$6,G60+F60*30+(I60-H60)-J60),G60+F60*30+(I60-H60)-$E$6),G60+F60*30-H60),G60+F60*30-$E$6)<0,0,IF(H60<>"",IF(I60<>"",IF(J60<>"",IF(K60<>"",G60+F60*30+(I60-H60)+(K60-J60)-$E$6,G60+F60*30+(I60-H60)-J60),G60+F60*30+(I60-H60)-$E$6),G60+F60*30-H60),G60+F60*30-$E$6))) | N60: =IF(L60="",IF(C60="","",IF(M60<360,D60*E60*M60/(F60*30),D60*E60*360/(F60*30))),IF(C60="","",IF(M60<360,D60*L60*M60/(F60*30),D60*L60*360/(F60*30))))
M61: =IF(C61="","",IF(IF(H61<>"",IF(I61<>"",IF(J61<>"",IF(K61<>"",G61+F61*30+(I61-H61)+(K61-J61)-$E$6,G61+F61*30+(I61-H61)-J61),G61+F61*30+(I61-H61)-$E$6),G61+F61*30-H61),G61+F61*30-$E$6)<0,0,IF(H61<>"",IF(I61<>"",IF(J61<>"",IF(K61<>"",G61+F61*30+(I61-H61)+(K61-J61)-$E$6,G61+F61*30+(I61-H61)-J61),G61+F61*30+(I61-H61)-$E$6),G61+F61*30-H61),G61+F61*30-$E$6))) | N61: =IF(L61="",IF(C61="","",IF(M61<360,D61*E61*M61/(F61*30),D61*E61*360/(F61*30))),IF(C61="","",IF(M61<360,D61*L61*M61/(F61*30),D61*L61*360/(F61*30))))
M62: =IF(C62="","",IF(IF(H62<>"",IF(I62<>"",IF(J62<>"",IF(K62<>"",G62+F62*30+(I62-H62)+(K62-J62)-$E$6,G62+F62*30+(I62-H62)-J62),G62+F62*30+(I62-H62)-$E$6),G62+F62*30-H62),G62+F62*30-$E$6)<0,0,IF(H62<>"",IF(I62<>"",IF(J62<>"",IF(K62<>"",G62+F62*30+(I62-H62)+(K62-J62)-$E$6,G62+F62*30+(I62-H62)-J62),G62+F62*30+(I62-H62)-$E$6),G62+F62*30-H62),G62+F62*30-$E$6))) | N62: =IF(L62="",IF(C62="","",IF(M62<360,D62*E62*M62/(F62*30),D62*E62*360/(F62*30))),IF(C62="","",IF(M62<360,D62*L62*M62/(F62*30),D62*L62*360/(F62*30))))
C64: Valor Total Saldo de los Contratos en Ejecución (SCE) | N64: =SUM(N57:N63) -> 8.4894636e+08

Sheet 3
A1: MUNICIPIO DE SABANETA
A2: LICITACIÓN PÚBLICA SAB-05-008-24
A3: REHABILITACIÓN Y MANTENIMIENTO DE LAS VÍAS URBANAS Y RURALES EN EL MUNICIPIO DE SABANETA
A4: CAPACIDAD RESIDUAL (CR) - PROPONENTE INDIVIDUAL
A5: Presupuesto estimado del Proceso de Contratación ($COP) | E5: ='DATOS INICIALES'!B3 -> 1169500932 | H5: CRP: Capacidad Residual del proponente CO: Capacidad de Organización E: Experiencia CF: Capacidad financiera CT: Capacidad técnica SCE: Saldos de los Contratos en Ejecución | K5: Factor | N5: Puntaje Máximo | S5: Menos de un (1) Año
A6: Fecha de presentación de la oferta (dd-mm-aaaa) | E6: ='DATOS INICIALES'!B5 -> 45568 | K6: Experiencia (E) | N6: 120 | S6: Mas de un (1) año
A7: Porcentaje de Anticipo (%) | E7: 0 | K7: Capacidad financiera (CF) | N7: 40
A8: Plazo estimado del Proceso de Contratación (meses) | E8: ='DATOS INICIALES'!B4 -> 2 | K8: Capacidad técnica (CT) | N8: 40
A9: Capacidad Residual del Proceso de Contratación ($COP) | E9: =IF(E8<12,E5-E7*E5,(E5-E7*E5)/E8*12) -> 1169500932 | K9: Total | N9: 200
A11: CELDA EDITABLE
A13: ="Se considerará HÁBIL el proponente que presente una CR igual o superior a "&TEXT(E9,"$#.##0") -> Se considerará HÁBIL el proponente que presente una CR igual o superior a $1.169.500.932
A15: ID | C15: DATOS PROPONENTE | F15: RESUMEN DE EVALUACION
A16: 3 | C16: PROPONENTE: | D16: =VLOOKUP(A16,'CAPACIDAD RESIDUAL'!$A$6:$D$304,2,FALSE) -> INSEREL INGENIERIA EN SERVICIOS ELECTRICOS DE COMUNICACIONES Y DE GAS LTDA | F16: =C22 -> Capacidad de Organización (CO) | I16: =G29 -> 3897769522 | J16: CR Total = | K16: =G29*(H40+H46+H51)/100-N64 -> 7.5626046e+09
F17: =C31 -> Experiencia (E) | I17: =H40 -> 120
C18: NIT: | D18: =VLOOKUP(A16,'CAPACIDAD RESIDUAL'!$A$6:$D$304,3,FALSE) -> 800.221.086-3 | F18: =C42 -> Capacidad Financiera (CF) | I18: =H46 -> 40 | J18: =IF(K16>$E$9,"CUMPLE","NO CUMPLE") -> CUMPLE
F19: =C49 -> Capacidad Técnica (CT) | I19: =H51 -> 40
C20: PARTICIPACION: | D20: =VLOOKUP(A16,'CAPACIDAD RESIDUAL'!$A$6:$D$304,4,FALSE) -> 1 | F20: =C54 -> Saldo de los Contratos en Ejecución (SCE) | I20: =N64 -> 2.3293449e+08
C22: Capacidad de Organización (CO) | I22: Años de información financiera | K22: Capacidad de organización (CO)
C23: Tipo de información financiera que tiene el proponente o participantes del proponente plural: | G23: Mas de un (1) año | I23: Cinco (5) años o más | K23: Mayor ingreso operacional de los últimos cinco años
C24: Año - Documento Estado de Resultado o Estado Pérdida o Ganancias | G24: 2021 | I24: Entre uno (1) y cinco (5) años | K24: Mayor ingreso operacional de los años de vida del oferente.
C25: =IF(G23="","",IF(G23=$S$5,"Valor umbral Mipyme.","Total Ingresos Operacionales Acreditados")) -> Total Ingresos Operacionales Acreditados | G25: 3897769522 | I25: Menos de un (1) año | K25: USD 125.000 | M25: 457297264
C26: Firmas Estados de Resultados
C27: CONTADOR | D27: LILIANA PATRICIA CHAVERRA FRANCO | F27: Matricula y Certificado de antecedentes | H27: VIGENTE
C28: REVISOR FISCAL | F28: Matricula y Certificado de antecedentes | H28: VIGENTE
C29: Capacidad de Organización del proponente o participantes del proponente plural: | G29: =IF(OR(H27="SIN VIGENCIA",H27="NO APORTA",H28="SIN VIGENCIA",H28="NO APORTA"),0,IF(G23="",0,IF(G23=$S$5,M25,IF(G25<M25,M25,G25)))) -> 3897769522
C31: Experiencia (E) | I31: Mayor a | J31: Menor o igual a | K31: Puntaje
C32: % de Participación en el presente proceso | G32: =$D$20 -> 1 | I32: 0 | J32: 3 | K32: 60
C33: Presupuesto estimado del Proceso de Contratación ($COP) | G33: =$E$5 -> 1169500932 | I33: 3 | J33: 6 | K33: 80
C34: RUP | I34: 6 | J34: 10 | K34: 100
C35: Contratos relacionados con la actividad de la construcción | G35: Valor COP | I35: 10 | J35: Mayores | K35: 120
C36: Formato 5.1A o Formato 5.1B | G36: 4.8294027e+10
C38: Valor total de los contratos relacionados con la actividad de la construcción (COP) | G38: =SUM(G35:H37) -> 4.8294027e+10
C39: Factor Experiencia | H39: =IF(OR(G32="",G32=0,G38=0),0,G38/(G33*G32)) -> 41.29456
C40: Puntaje por Experiencia | H40: =IF(H39<=J32,K32,IF(H39<=J33,K33,IF(H39<=J34,K34,K35))) -> 120
C42: Capacidad Financiera (CF) | I42: Mayor a igual a | J42: Menor a | K42: Puntaje
C43: Activo Corriente | H43: =VLOOKUP(A16,'CAPACIDAD FINANCIERA'!$A$6:$AK$308,5,FALSE) -> 3622194973 | I43: 0 | J43: 0.5 | K43: 20
C44: Pasivo Corriente | H44: =VLOOKUP(A16,'CAPACIDAD FINANCIERA'!$A$6:$AK$308,7,FALSE) -> 38549617 | I44: 0.5 | J44: 0.75 | K44: 25
C45: Índice de Liquidez | H45: =IFERROR(ROUND(IF(H43="",0,H43/H44),2),0) -> 93.96 | I45: 0.75 | J45: 1 | K45: 30
C46: Puntaje por Capacidad Financiera | H46: =IF(H44=0,K47,IF(H45="",0,IF(H45<J43,K43,IF(H45<J44,K44,IF(H45<J45,K45,IF(H45<J46,K46,K47)))))) -> 40 | I46: 1 | J46: 1.5 | K46: 35
I47: 1.5 | J47: Mayores | K47: 40
C49: Capacidad Técnica (CT) | I49: Desde | J49: Hasta | K49: Puntaje
C50: Número de socios y profesionales de la arquitectura, ingeniería y geología vinculados Formato 5.2 | H50: 12 | I50: 1 | J50: 5 | K50: 20
C51: Puntaje por Capacidad Técnica | H51: =IF(H50<I50,0,IF(H50<=J50,K50,IF(H50<=J51,K51,K52))) -> 40 | I51: 6 | J51: 10 | K51: 30
I52: 11 | J52: Mayores | K52: 40
C54: Saldo de los Contratos en Ejecución (SCE)
C55: Formato 5.3
C56: Contrato No. | D56: % de Participación | E56: Valor COP | F56: Plazo (meses) | G56: Fecha Inicio | H56: Suspensión No. 1 | I56: Reinicio No. 1 | J56: Suspensión No. 2 | K56: Reinicio No. 2 | L56: Saldo pendiente por ejecutar para contratos supendidos | M56: Plazo por ejecutar (días) | N56: Saldo COP
C58: 1 | D58: 1 | E58: 349032140 | F58: 5 | G58: 45455 | M58: =IF(C58="","",IF(IF(H58<>"",IF(I58<>"",IF(J58<>"",IF(K58<>"",G58+F58*30+(I58-H58)+(K58-J58)-$E$6,G58+F58*30+(I58-H58)-J58),G58+F58*30+(I58-H58)-$E$6),G58+F58*30-H58),G58+F58*30-$E$6)<0,0,IF(H58<>"",IF(I58<>"",IF(J58<>"",IF(K58<>"",G58+F58*30+(I58-H58)+(K58-J58)-$E$6,G58+F58*30+(I58-H58)-J58),G58+F58*30+(I58-H58)-$E$6),G58+F58*30-H58),G58+F58*30-$E$6))) -> 37 | N58: =IF(L58="",IF(C58="","",IF(M58<360,D58*E58*M58/(F58*30),D58*E58*360/(F58*30))),IF(C58="","",IF(M58<360,D58*L58*M58/(F58*30),D58*L58*360/(F58*30)))) -> 86094595
C59: 2 | D59: 1 | E59: 167245862 | F59: 2 | G59: 45527 | M59: =IF(C59="","",IF(IF(H59<>"",IF(I59<>"",IF(J59<>"",IF(K59<>"",G59+F59*30+(I59-H59)+(K59-J59)-$E$6,G59+F59*30+(I59-H59)-J59),G59+F59*30+(I59-H59)-$E$6),G59+F59*30-H59),G59+F59*30-$E$6)<0,0,IF(H59<>"",IF(I59<>"",IF(J59<>"",IF(K59<>"",G59+F59*30+(I59-H59)+(K59-J59)-$E$6,G59+F59*30+(I59-H59)-J59),G59+F59*30+(I59-H59)-$E$6),G59+F59*30-H59),G59+F59*30-$E$6))) -> 19 | N59: =IF(L59="",IF(C59="","",IF(M59<360,D59*E59*M59/(F59*30),D59*E59*360/(F59*30))),IF(C59="","",IF(M59<360,D59*L59*M59/(F59*30),D59*L59*360/(F59*30)))) -> 52961190
C60: 3 | D60: 1 | E60: 194231800 | F60: 4 | G60: 45506 | M60: =IF(C60="","",IF(IF(H60<>"",IF(I60<>"",IF(J60<>"",IF(K60<>"",G60+F60*30+(I60-H60)+(K60-J60)-$E$6,G60+F60*30+(I60-H60)-J60),G60+F60*30+(I60-H60)-$E$6),G60+F60*30-H60),G60+F60*30-$E$6)<0,0,IF(H60<>"",IF(I60<>"",IF(J60<>"",IF(K60<>"",G60+F60*30+(I60-H60)+(K60-J60)-$E$6,G60+F60*30+(I60-H60)-J60),G60+F60*30+(I60-H60)-$E$6),G60+F60*30-H60),G60+F60*30-$E$6))) -> 58 | N60: =IF(L60="",IF(C60="","",IF(M60<360,D60*E60*M60/(F60*30),D60*E60*360/(F60*30))),IF(C60="","",IF(M60<360,D60*L60*M60/(F60*30),D60*L60*360/(F60*30)))) -> 93878703
M61: =IF(C61="","",IF(IF(H61<>"",IF(I61<>"",IF(J61<>"",IF(K61<>"",G61+F61*30+(I61-H61)+(K61-J61)-$E$6,G61+F61*30+(I61-H61)-J61),G61+F61*30+(I61-H61)-$E$6),G61+F61*30-H61),G61+F61*30-$E$6)<0,0,IF(H61<>"",IF(I61<>"",IF(J61<>"",IF(K61<>"",G61+F61*30+(I61-H61)+(K61-J61)-$E$6,G61+F61*30+(I61-H61)-J61),G61+F61*30+(I61-H61)-$E$6),G61+F61*30-H61),G61+F61*30-$E$6))) | N61: =IF(L61="",IF(C61="","",IF(M61<360,D61*E61*M61/(F61*30),D61*E61*360/(F61*30))),IF(C61="","",IF(M61<360,D61*L61*M61/(F61*30),D61*L61*360/(F61*30))))
M62: =IF(C62="","",IF(IF(H62<>"",IF(I62<>"",IF(J62<>"",IF(K62<>"",G62+F62*30+(I62-H62)+(K62-J62)-$E$6,G62+F62*30+(I62-H62)-J62),G62+F62*30+(I62-H62)-$E$6),G62+F62*30-H62),G62+F62*30-$E$6)<0,0,IF(H62<>"",IF(I62<>"",IF(J62<>"",IF(K62<>"",G62+F62*30+(I62-H62)+(K62-J62)-$E$6,G62+F62*30+(I62-H62)-J62),G62+F62*30+(I62-H62)-$E$6),G62+F62*30-H62),G62+F62*30-$E$6))) | N62: =IF(L62="",IF(C62="","",IF(M62<360,D62*E62*M62/(F62*30),D62*E62*360/(F62*30))),IF(C62="","",IF(M62<360,D62*L62*M62/(F62*30),D62*L62*360/(F62*30))))
C64: Valor Total Saldo de los Contratos en Ejecución (SCE) | N64: =SUM(N57:N63) -> 2.3293449e+08

Sheet 4
A1: MUNICIPIO DE SABANETA
A2: ='DATOS INICIALES'!B1 -> LICITACIÓN PÚBLICA SAB-05-009-24
A3: ='DATOS INICIALES'!B2 -> RECUPERACIÓN, MANTENIMIENTO, ADECUACIONES Y OBRAS COMPLEMENTARIAS DE LAS SEDES ADMINISTRATIVAS Y BIENES DE USO PUBLICO DEL MUNICIPIO DE SABANETA
A4: CAPACIDAD RESIDUAL (CR) - PROPONENTE PLURAL
A5: Presupuesto estimado del Proceso de Contratación ($COP) | E5: ='DATOS INICIALES'!B3 -> 1169500932 | H5: CRP: Capacidad Residual del proponente CO: Capacidad de Organización E: Experiencia CF: Capacidad financiera CT: Capacidad técnica SCE: Saldos de los Contratos en Ejecución | K5: Factor | N5: Puntaje Máximo | S5: Menos de un (1) Año
A6: Fecha de presentación de la oferta (dd-mm-aaaa) | E6: ='DATOS INICIALES'!B5 -> 45568 | K6: Experiencia (E) | N6: 120 | S6: Mas de un (1) año
A7: Porcentaje de Anticipo (%) | E7: 0 | K7: Capacidad financiera (CF) | N7: 40
A8: Plazo estimado del Proceso de Contratación (meses) | E8: ='DATOS INICIALES'!B4 -> 2 | K8: Capacidad técnica (CT) | N8: 40
A9: Capacidad Residual del Proceso de Contratación ($COP) | E9: =IF(E8<12,E5-E7*E5,(E5-E7*E5)/E8*12) -> 1169500932 | K9: Total | N9: 200
A11: CELDA EDITABLE
A13: ="Se considerará HÁBIL el proponente que presente una CR igual o superior a "&TEXT(E9,"$#.##0") -> Se considerará HÁBIL el proponente que presente una CR igual o superior a $1.169.500.932
A15: ID | C15: DATOS DEL CONSORCIO | F15: RESUMEN DE EVALUACION DEL CONSORCIO
A16: 4 | C16: PROPONENTE: | D16: =VLOOKUP(A16,'CAPACIDAD RESIDUAL'!$A$6:$D$304,2,FALSE) -> CONSORCIO MANTENIMIENTOS 2024 | F16: =$C$38 -> Capacidad de Organización (CO) | I16: N/A | J16: CR Total = | K16: =N29 -> 3.0177612e+10
F17: =$C$47 -> Experiencia (E) | I17: N/A
C18: NUMERO DE INTEGRANTES: | D18: 2 | F18: =$C$58 -> Capacidad Financiera (CF) | I18: N/A | J18: =IF(K16>$E$9,"CUMPLE","NO CUMPLE") -> CUMPLE
F19: =$C$65 -> Capacidad Técnica (CT) | I19: N/A
C20: PARTICIPACION: | D20: =F29 -> 1 | F20: =$C$70 -> Saldo de los Contratos en Ejecución (SCE) | I20: N/A
A22: RESUMEN DEL CONSORCIO
A23: ID | C23: PROPONENTES | E23: NIT | F23: PARTICIPACION | G23: CO | H23: E | I23: CF | J23: CT | K23: SCE | N23: CR TOTAL
A24: =IF(A16+D18/10>=A16+(D18-(D18-1))/10,CONCATENATE(A16,".",1),"N/A") -> 4.1 | C24: =IF(A24="N/A","",D32) -> ERNEY CASTAÑO GONZALEZ | E24: =IF(A24="N/A","",D34) -> 15.438.736-8 | F24: =IF(A24="N/A","",D36) -> 0.3 | G24: =IF(A24="N/A","",I32) -> 10789469941 | H24: =IF(A24="N/A","",I33) -> 120 | I24: =IF(A24="N/A","",I34) -> 40 | J24: =IF(A24="N/A","",I35) -> 20 | K24: =IF(A24="N/A","",I36) -> 4.2666951e+08 | N24: =IF(A24="N/A","",K32) -> 1.8994376e+10
A25: =IF(A16+D18/10>=A16+(D18-(D18-2))/10,CONCATENATE(A16,".",2),"N/A") -> 4.2 | C25: =IF(A25="N/A","",D83) -> M3 GRUPO EMPRESARIAL S.A.S | E25: =IF(A25="N/A","",D85) -> 901.126.277-3 | F25: =IF(A25="N/A","",D87) -> 0.7 | G25: =IF(A25="N/A","",I83) -> 7046745183 | H25: =IF(A25="N/A","",I84) -> 120 | I25: =IF(A25="N/A","",I85) -> 40 | J25: =IF(A25="N/A","",I86) -> 30 | K25: =IF(A25="N/A","",I87) -> 2.2055802e+09 | N25: =IF(A25="N/A","",K83) -> 1.1183236e+10
A26: =IF(A16+D18/10>=A16+(D18-(D18-3))/10,CONCATENATE(A16,".",3),"N/A") -> N/A | C26: =IF(A26="N/A","",D134) | E26: =IF(A26="N/A","",D136) | F26: =IF(A26="N/A","",D138) | G26: =IF(A26="N/A","",I134) | H26: =IF(A26="N/A","",I135) | I26: =IF(A26="N/A","",I136) | J26: =IF(A26="N/A","",I137) | K26: =IF(A26="N/A","",I138) | N26: =IF(A26="N/A","",K134)
A27: =IF(A16+D18/10>=A16+(D18-(D18-4))/10,CONCATENATE(A16,".",4),"N/A") -> N/A | C27: =IF(A27="N/A","",D185) | E27: =IF(A27="N/A","",D187) | F27: =IF(A27="N/A","",D189) | G27: =IF(A27="N/A","",I185) | H27: =IF(A27="N/A","",I186) | I27: =IF(A27="N/A","",I187) | J27: =IF(A27="N/A","",I188) | K27: =IF(A27="N/A","",I189) | N27: =IF(A27="N/A","",K185)
A28: =IF(A16+D18/10>=A16+(D18-(D18-5))/10,CONCATENATE(A16,".",5),"N/A") -> N/A | C28: =IF(A28="N/A","",D236) | E28: =IF(A28="N/A","",D238) | F28: =IF(A28="N/A","",D240) | G28: =IF(A28="N/A","",I236) | H28: =IF(A28="N/A","",I237) | I28: =IF(A28="N/A","",I238) | J28: =IF(A28="N/A","",I239) | K28: =IF(A28="N/A","",I240) | N28: =IF(A28="N/A","",K236)
A29: TOTAL | F29: =SUM(F24:F28) -> 1 | N29: =SUM(N24:N28) -> 3.0177612e+10
A31: ID | C31: DATOS PROPONENTE | F31: RESUMEN DE EVALUACION
A32: =IF(A24="N/A","",A24) -> 4.1 | C32: PROPONENTE: | D32: =VLOOKUP(A32,'CAPACIDAD RESIDUAL'!$A$6:$D$304,2,FALSE) -> ERNEY CASTAÑO GONZALEZ | F32: =$C$38 -> Capacidad de Organización (CO) | I32: =G45 -> 10789469941 | J32: CR Total = | K32: =I32*(I33+I34+I35)/100-I36 -> 1.8994376e+10
F33: =$C$47 -> Experiencia (E) | I33: =H56 -> 120
C34: NIT: | D34: =VLOOKUP(A32,'CAPACIDAD RESIDUAL'!$A$6:$D$304,3,FALSE) -> 15.438.736-8 | F34: =$C$58 -> Capacidad Financiera (CF) | I34: =H62 -> 40 | J34: =IF(K32>$E$9,"CUMPLE","NO CUMPLE") -> CUMPLE
F35: =$C$65 -> Capacidad Técnica (CT) | I35: =H67 -> 20
C36: PARTICIPACION: | D36: =IF(A32="","",VLOOKUP(A32,'CAPACIDAD RESIDUAL'!$A$6:$D$304,4,FALSE)) -> 0.3 | F36: =$C$70 -> Saldo de los Contratos en Ejecución (SCE) | I36: =N80 -> 4.2666951e+08
C38: Capacidad de Organización (CO) | I38: Años de información financiera | K38: Capacidad de organización (CO)
C39: Tipo de información financiera que tiene el proponente o participantes del proponente plural: | G39: Mas de un (1) año | I39: Cinco (5) años o más | K39: Mayor ingreso operacional de los últimos cinco años
C40: Año - Documento Estado de Resultado o Estado Pérdida o Ganancias | G40: 2022 | I40: Entre uno (1) y cinco (5) años | K40: Mayor ingreso operacional de los años de vida del oferente.
C41: =IF(G39="","",IF(G39=$S$5,"Valor umbral Mipyme.","Total Ingresos Operacionales Acreditados")) -> Total Ingresos Operacionales Acreditados | G41: 10789469941 | I41: Menos de un (1) año | K41: USD 125.000 | M41: 457297264
C42: Firmas Estados de Resultados
C43: CONTADOR | D43: CARMEN ELENA GONZALEZ | F43: Matricula y Certificado de antecedentes | H43: VIGENTE
C44: REVISOR FISCAL | F44: Matricula y Certificado de antecedentes | H44: VIGENTE
C45: Capacidad de Organización del proponente o participantes del proponente plural: | G45: =IF(OR(H43="SIN VIGENCIA",H43="NO APORTA",H44="SIN VIGENCIA",H44="NO APORTA"),0,IF(G39="",0,IF(G39=$S$5,M41,IF(G41<M41,M41,G41)))) -> 10789469941
C47: Experiencia (E) | I47: Mayor a | J47: Menor o igual a | K47: Puntaje
C48: % de Participación en el presente proceso | G48: =D36 -> 0.3 | I48: 0 | J48: 3 | K48: 60
C49: Presupuesto estimado del Proceso de Contratación ($COP) | G49: =$E$5 -> 1169500932 | I49: 3 | J49: 6 | K49: 80
C50: RUP | I50: 6 | J50: 10 | K50: 100
C51: Contratos relacionados con la actividad de la construcción | G51: Valor COP | I51: 10 | J51: Mayores | K51: 120
C52: Formato 5.1A o Formato 5.1B | G52: 76396896550
C54: Valor total de los contratos relacionados con la actividad de la construcción (COP) | G54: =SUM(G51:H53) -> 76396896550
C55: Factor Experiencia | H55: =IF(OR(G48="",G48=0,G54=0),0,G54/(G49*G48)) -> 217.74786
C56: Puntaje por Experiencia | H56: =IF(H55<=J48,K48,IF(H55<=J49,K49,IF(H55<=J50,K50,K51))) -> 120
C58: Capacidad Financiera (CF) | I58: Mayor a igual a | J58: Menor a | K58: Puntaje
C59: Activo Corriente | H59: =VLOOKUP(A32,'CAPACIDAD FINANCIERA'!$A$6:$AK$308,5,FALSE) -> 3930750131 | I59: 0 | J59: 0.5 | K59: 20
C60: Pasivo Corriente | H60: =VLOOKUP(A32,'CAPACIDAD FINANCIERA'!$A$6:$AK$308,7,FALSE) -> 892264784 | I60: 0.5 | J60: 0.75 | K60: 25
C61: Índice de Liquidez | H61: =ROUND(IF(H59="",0,H59/H60),2) -> 4.41 | I61: 0.75 | J61: 1 | K61: 30
C62: Puntaje por Capacidad Financiera | H62: =IF(H61="",0,IF(H61<J59,K59,IF(H61<J60,K60,IF(H61<J61,K61,IF(H61<J62,K62,K63))))) -> 40 | I62: 1 | J62: 1.5 | K62: 35
I63: 1.5 | J63: Mayores | K63: 40
C65: Capacidad Técnica (CT) | I65: Desde | J65: Hasta | K65: Puntaje
C66: Número de socios y profesionales de la arquitectura, ingeniería y geología vinculados Formato 5.2 | H66: 2 | I66: 1 | J66: 5 | K66: 20
C67: Puntaje por Capacidad Técnica | H67: =IF(H66<I66,0,IF(H66<=J66,K66,IF(H66<=J67,K67,K68))) -> 20 | I67: 6 | J67: 10 | K67: 30
I68: 11 | J68: Mayores | K68: 40
C70: Saldo de los Contratos en Ejecución (SCE)
C71: Formato 5.3
C72: Contrato No. | D72: % de Participación | E72: Valor COP | F72: Plazo (meses) | G72: Fecha Inicio (dd-mm-aaaa) | H72: Suspensión No. 1 | I72: Reinicio No. 1 | J72: Suspensión No. 2 | K72: Reinicio No. 2 | L72: Saldo pendiente por ejecutar para contratos supendidos | M72: Plazo por ejecutar (días) | N72: Saldo COP
C74: 1 | D74: 1 | E74: 640004269 | F74: 18 | G74: 45568 | M74: =IF(C74="","",IF(IF(H74<>"",IF(I74<>"",IF(J74<>"",IF(K74<>"",G74+F74*30+(I74-H74)+(K74-J74)-$E$6,G74+F74*30+(I74-H74)-J74),G74+F74*30+(I74-H74)-$E$6),G74+F74*30-H74),G74+F74*30-$E$6)<0,0,IF(H74<>"",IF(I74<>"",IF(J74<>"",IF(K74<>"",G74+F74*30+(I74-H74)+(K74-J74)-$E$6,G74+F74*30+(I74-H74)-J74),G74+F74*30+(I74-H74)-$E$6),G74+F74*30-H74),G74+F74*30-$E$6))) -> 540 | N74: =IF(L74="",IF(C74="","",IF(M74<360,D74*E74*M74/(F74*30),D74*E74*360/(F74*30))),IF(C74="","",IF(M74<360,D74*L74*M74/(F74*30),D74*L74*360/(F74*30)))) -> 4.2666951e+08
M75: =IF(C75="","",IF(IF(H75<>"",IF(I75<>"",IF(J75<>"",IF(K75<>"",G75+F75*30+(I75-H75)+(K75-J75)-$E$6,G75+F75*30+(I75-H75)-J75),G75+F75*30+(I75-H75)-$E$6),G75+F75*30-H75),G75+F75*30-$E$6)<0,0,IF(H75<>"",IF(I75<>"",IF(J75<>"",IF(K75<>"",G75+F75*30+(I75-H75)+(K75-J75)-$E$6,G75+F75*30+(I75-H75)-J75),G75+F75*30+(I75-H75)-$E$6),G75+F75*30-H75),G75+F75*30-$E$6))) | N75: =IF(L75="",IF(C75="","",IF(M75<360,D75*E75*M75/(F75*30),D75*E75*360/(F75*30))),IF(C75="","",IF(M75<360,D75*L75*M75/(F75*30),D75*L75*360/(F75*30))))
M76: =IF(C76="","",IF(IF(H76<>"",IF(I76<>"",IF(J76<>"",IF(K76<>"",G76+F76*30+(I76-H76)+(K76-J76)-$E$6,G76+F76*30+(I76-H76)-J76),G76+F76*30+(I76-H76)-$E$6),G76+F76*30-H76),G76+F76*30-$E$6)<0,0,IF(H76<>"",IF(I76<>"",IF(J76<>"",IF(K76<>"",G76+F76*30+(I76-H76)+(K76-J76)-$E$6,G76+F76*30+(I76-H76)-J76),G76+F76*30+(I76-H76)-$E$6),G76+F76*30-H76),G76+F76*30-$E$6))) | N76: =IF(L76="",IF(C76="","",IF(M76<360,D76*E76*M76/(F76*30),D76*E76*360/(F76*30))),IF(C76="","",IF(M76<360,D76*L76*M76/(F76*30),D76*L76*360/(F76*30))))
M77: =IF(C77="","",IF(IF(H77<>"",IF(I77<>"",IF(J77<>"",IF(K77<>"",G77+F77*30+(I77-H77)+(K77-J77)-$E$6,G77+F77*30+(I77-H77)-J77),G77+F77*30+(I77-H77)-$E$6),G77+F77*30-H77),G77+F77*30-$E$6)<0,0,IF(H77<>"",IF(I77<>"",IF(J77<>"",IF(K77<>"",G77+F77*30+(I77-H77)+(K77-J77)-$E$6,G77+F77*30+(I77-H77)-J77),G77+F77*30+(I77-H77)-$E$6),G77+F77*30-H77),G77+F77*30-$E$6))) | N77: =IF(L77="",IF(C77="","",IF(M77<360,D77*E77*M77/(F77*30),D77*E77*360/(F77*30))),IF(C77="","",IF(M77<360,D77*L77*M77/(F77*30),D77*L77*360/(F77*30))))
M78: =IF(C78="","",IF(IF(H78<>"",IF(I78<>"",IF(J78<>"",IF(K78<>"",G78+F78*30+(I78-H78)+(K78-J78)-$E$6,G78+F78*30+(I78-H78)-J78),G78+F78*30+(I78-H78)-$E$6),G78+F78*30-H78),G78+F78*30-$E$6)<0,0,IF(H78<>"",IF(I78<>"",IF(J78<>"",IF(K78<>"",G78+F78*30+(I78-H78)+(K78-J78)-$E$6,G78+F78*30+(I78-H78)-J78),G78+F78*30+(I78-H78)-$E$6),G78+F78*30-H78),G78+F78*30-$E$6))) | N78: =IF(L78="",IF(C78="","",IF(M78<360,D78*E78*M78/(F78*30),D78*E78*360/(F78*30))),IF(C78="","",IF(M78<360,D78*L78*M78/(F78*30),D78*L78*360/(F78*30))))
C80: Valor Total Saldo de los Contratos en Ejecución (SCE) | N80: =SUM(N73:N79) -> 4.2666951e+08
A82: ID | C82: DATOS PROPONENTE | F82: RESUMEN DE EVALUACION
A83: =IF(A25="N/A","",A25) -> 4.2 | C83: PROPONENTE: | D83: =VLOOKUP(A83,'CAPACIDAD RESIDUAL'!$A$6:$D$304,2,FALSE) -> M3 GRUPO EMPRESARIAL S.A.S | F83: =$C$38 -> Capacidad de Organización (CO) | I83: =G96 -> 7046745183 | J83: CR Total = | K83: =I83*(I84+I85+I86)/100-I87 -> 1.1183236e+10
F84: =$C$47 -> Experiencia (E) | I84: =H107 -> 120
C85: NIT: | D85: =VLOOKUP(A83,'CAPACIDAD RESIDUAL'!$A$6:$D$304,3,FALSE) -> 901.126.277-3 | F85: =$C$58 -> Capacidad Financiera (CF) | I85: =H113 -> 40 | J85: =IF(K83>$E$9,"CUMPLE","NO CUMPLE") -> CUMPLE
F86: =$C$65 -> Capacidad Técnica (CT) | I86: =H118 -> 30
C87: PARTICIPACION: | D87: =IF(A83="","",VLOOKUP(A83,'CAPACIDAD RESIDUAL'!$A$6:$D$304,4,FALSE)) -> 0.7 | F87: =$C$70 -> Saldo de los Contratos en Ejecución (SCE) | I87: =N131 -> 2.2055802e+09
C89: Capacidad de Organización (CO) | I89: Años de información financiera | K89: Capacidad de organización (CO)
C90: Tipo de información financiera que tiene el proponente o participantes del proponente plural: | G90: Mas de un (1) año | I90: Cinco (5) años o más | K90: Mayor ingreso operacional de los últimos cinco años
C91: Año - Documento Estado de Resultado o Estado Pérdida o Ganancias | G91: 2023 | I91: Entre uno (1) y cinco (5) años | K91: Mayor ingreso operacional de los años de vida del oferente.
C92: =IF(G90="","",IF(G90=$S$5,"Valor umbral Mipyme.","Total Ingresos Operacionales Acreditados")) -> Total Ingresos Operacionales Acreditados | G92: 7046745183 | I92: Menos de un (1) año | K92: USD 125.000 | M92: 457297264
C93: Firmas Estados de Resultados
C94: CONTADOR | D94: CARMEN ELENA GONZALEZ | F94: Matricula y Certificado de antecedentes | H94: VIGENTE
C95: REVISOR FISCAL | D95: MARIA ISABEL CASTAÑO OSORIO | F95: Matricula y Certificado de antecedentes | H95: VIGENTE
C96: Capacidad de Organización del proponente o participantes del proponente plural: | G96: =IF(OR(H94="SIN VIGENCIA",H94="NO APORTA",H95="SIN VIGENCIA",H95="NO APORTA"),0,IF(G90="",0,IF(G90=$S$5,M92,IF(G92<M92,M92,G92)))) -> 7046745183
C98: Experiencia (E) | I98: Mayor a | J98: Menor o igual a | K98: Puntaje
C99: % de Participación en el presente proceso | G99: =D87 -> 0.7 | I99: 0 | J99: 3 | K99: 60
C100: Presupuesto estimado del Proceso de Contratación ($COP) | G100: =$E$5 -> 1169500932 | I100: 3 | J100: 6 | K100: 80
C101: RUP | I101: 6 | J101: 10 | K101: 100
C102: Contratos relacionados con la actividad de la construcción | G102: Valor COP | I102: 10 | J102: Mayores | K102: 120
C103: Formato 5.1A o Formato 5.1B | G103: 61114911650
C105: Valor total de los contratos relacionados con la actividad de la construcción (COP) | G105: =SUM(G102:H104) -> 61114911650
C106: Factor Experiencia | H106: =IF(OR(G99="",G99=0,G105=0),0,G105/(G100*G99)) -> 74.653225
C107: Puntaje por Experiencia | H107: =IF(H106<=J99,K99,IF(H106<=J100,K100,IF(H106<=J101,K101,K102))) -> 120
C109: Capacidad Financiera (CF) | I109: Mayor a igual a | J109: Menor a | K109: Puntaje
C110: Activo Corriente | H110: =VLOOKUP(A83,'CAPACIDAD FINANCIERA'!$A$6:$AK$308,5,FALSE) -> 718218296 | I110: 0 | J110: 0.5 | K110: 20
C111: Pasivo Corriente | H111: =VLOOKUP(A83,'CAPACIDAD FINANCIERA'!$A$6:$AK$308,7,FALSE) -> 68984714 | I111: 0.5 | J111: 0.75 | K111: 25
C112: Índice de Liquidez | H112: =ROUND(IF(H110="",0,H110/H111),2) -> 10.41 | I112: 0.75 | J112: 1 | K112: 30
C113: Puntaje por Capacidad Financiera | H113: =IF(H112="",0,IF(H112<J110,K110,IF(H112<J111,K111,IF(H112<J112,K112,IF(H112<J113,K113,K114))))) -> 40 | I113: 1 | J113: 1.5 | K113: 35
I114: 1.5 | J114: Mayores | K114: 40
C116: Capacidad Técnica (CT) | I116: Desde | J116: Hasta | K116: Puntaje
C117: Número de socios y profesionales de la arquitectura, ingeniería y geología vinculados Formato 5.2 | H117: 6 | I117: 1 | J117: 5 | K117: 20
C118: Puntaje por Capacidad Técnica | H118: =IF(H117<I117,0,IF(H117<=J117,K117,IF(H117<=J118,K118,K119))) -> 30 | I118: 6 | J118: 10 | K118: 30
I119: 11 | J119: Mayores | K119: 40
...

Sheet 5
A1: MUNICIPIO DE SABANETA
A2: ='DATOS INICIALES'!B1 -> LICITACIÓN PÚBLICA SAB-05-009-24
A3: ='DATOS INICIALES'!B2 -> RECUPERACIÓN, MANTENIMIENTO, ADECUACIONES Y OBRAS COMPLEMENTARIAS DE LAS SEDES ADMINISTRATIVAS Y BIENES DE USO PUBLICO DEL MUNICIPIO DE SABANETA
A4: CAPACIDAD RESIDUAL (CR) - PROPONENTE PLURAL
A5: Presupuesto estimado del Proceso de Contratación ($COP) | E5: ='DATOS INICIALES'!B3 -> 1169500932 | H5: CRP: Capacidad Residual del proponente CO: Capacidad de Organización E: Experiencia CF: Capacidad financiera CT: Capacidad técnica SCE: Saldos de los Contratos en Ejecución | K5: Factor | N5: Puntaje Máximo | S5: Menos de un (1) Año
A6: Fecha de presentación de la oferta (dd-mm-aaaa) | E6: ='DATOS INICIALES'!B5 -> 45568 | K6: Experiencia (E) | N6: 120 | S6: Mas de un (1) año
A7: Porcentaje de Anticipo (%) | E7: 0 | K7: Capacidad financiera (CF) | N7: 40
A8: Plazo estimado del Proceso de Contratación (meses) | E8: ='DATOS INICIALES'!B4 -> 2 | K8: Capacidad técnica (CT) | N8: 40
A9: Capacidad Residual del Proceso de Contratación ($COP) | E9: =IF(E8<12,E5-E7*E5,(E5-E7*E5)/E8*12) -> 1169500932 | K9: Total | N9: 200
A11: CELDA EDITABLE
A13: ="Se considerará HÁBIL el proponente que presente una CR igual o superior a "&TEXT(E9,"$#.##0") -> Se considerará HÁBIL el proponente que presente una CR igual o superior a $1.169.500.932
A15: ID | C15: DATOS DEL CONSORCIO | F15: RESUMEN DE EVALUACION DEL CONSORCIO
A16: 5 | C16: PROPONENTE: | D16: =VLOOKUP(A16,'CAPACIDAD RESIDUAL'!$A$6:$D$304,2,FALSE) -> CONSORCIO AINCO 2024 | F16: =$C$38 -> Capacidad de Organización (CO) | I16: N/A | J16: CR Total = | K16: =N29 -> 1.2629485e+10
F17: =$C$47 -> Experiencia (E) | I17: N/A
C18: NUMERO DE INTEGRANTES: | D18: 2 | F18: =$C$58 -> Capacidad Financiera (CF) | I18: N/A | J18: =IF(K16>$E$9,"CUMPLE","NO CUMPLE") -> CUMPLE
F19: =$C$65 -> Capacidad Técnica (CT) | I19: N/A
C20: PARTICIPACION: | D20: =F29 -> 1 | F20: =$C$70 -> Saldo de los Contratos en Ejecución (SCE) | I20: N/A
A22: RESUMEN DEL CONSORCIO
A23: ID | C23: PROPONENTES | E23: NIT | F23: PARTICIPACION | G23: CO | H23: E | I23: CF | J23: CT | K23: SCE | N23: CR TOTAL
A24: =IF(A16+D18/10>=A16+(D18-(D18-1))/10,CONCATENATE(A16,".",1),"N/A") -> 5.1 | C24: =IF(A24="N/A","",D32) -> ANGELA MARIA CARDENAS ZAPATA | E24: =IF(A24="N/A","",D34) -> 43.150.821-1 | F24: =IF(A24="N/A","",D36) -> 0.55 | G24: =IF(A24="N/A","",I32) -> 4861893157 | H24: =IF(A24="N/A","",I33) -> 120 | I24: =IF(A24="N/A","",I34) -> 40 | J24: =IF(A24="N/A","",I35) -> 20 | K24: =IF(A24="N/A","",I36) -> 0 | N24: =IF(A24="N/A","",K32) -> 8.7514077e+09
A25: =IF(A16+D18/10>=A16+(D18-(D18-2))/10,CONCATENATE(A16,".",2),"N/A") -> 5.2 | C25: =IF(A25="N/A","",D83) -> INCOCAZA S.A.S. | E25: =IF(A25="N/A","",D85) -> 900.901.565-0 | F25: =IF(A25="N/A","",D87) -> 0.45 | G25: =IF(A25="N/A","",I83) -> 2718961235 | H25: =IF(A25="N/A","",I84) -> 120 | I25: =IF(A25="N/A","",I85) -> 40 | J25: =IF(A25="N/A","",I86) -> 20 | K25: =IF(A25="N/A","",I87) -> 1.0160533e+09 | N25: =IF(A25="N/A","",K83) -> 3.8780769e+09
A26: =IF(A16+D18/10>=A16+(D18-(D18-3))/10,CONCATENATE(A16,".",3),"N/A") -> N/A | C26: =IF(A26="N/A","",D134) | E26: =IF(A26="N/A","",D136) | F26: =IF(A26="N/A","",D138) | G26: =IF(A26="N/A","",I134) | H26: =IF(A26="N/A","",I135) | I26: =IF(A26="N/A","",I136) | J26: =IF(A26="N/A","",I137) | K26: =IF(A26="N/A","",I138) | N26: =IF(A26="N/A","",K134)
A27: =IF(A16+D18/10>=A16+(D18-(D18-4))/10,CONCATENATE(A16,".",4),"N/A") -> N/A | C27: =IF(A27="N/A","",D185) | E27: =IF(A27="N/A","",D187) | F27: =IF(A27="N/A","",D189) | G27: =IF(A27="N/A","",I185) | H27: =IF(A27="N/A","",I186) | I27: =IF(A27="N/A","",I187) | J27: =IF(A27="N/A","",I188) | K27: =IF(A27="N/A","",I189) | N27: =IF(A27="N/A","",K185)
A28: =IF(A16+D18/10>=A16+(D18-(D18-5))/10,CONCATENATE(A16,".",5),"N/A") -> N/A | C28: =IF(A28="N/A","",D236) | E28: =IF(A28="N/A","",D238) | F28: =IF(A28="N/A","",D240) | G28: =IF(A28="N/A","",I236) | H28: =IF(A28="N/A","",I237) | I28: =IF(A28="N/A","",I238) | J28: =IF(A28="N/A","",I239) | K28: =IF(A28="N/A","",I240) | N28: =IF(A28="N/A","",K236)
A29: TOTAL | F29: =SUM(F24:F28) -> 1 | N29: =SUM(N24:N28) -> 1.2629485e+10
A31: ID | C31: DATOS PROPONENTE | F31: RESUMEN DE EVALUACION
A32: =IF(A24="N/A","",A24) -> 5.1 | C32: PROPONENTE: | D32: =VLOOKUP(A32,'CAPACIDAD RESIDUAL'!$A$6:$D$304,2,FALSE) -> ANGELA MARIA CARDENAS ZAPATA | F32: =$C$38 -> Capacidad de Organización (CO) | I32: =G45 -> 4861893157 | J32: CR Total = | K32: =I32*(I33+I34+I35)/100-I36 -> 8.7514077e+09
F33: =$C$47 -> Experiencia (E) | I33: =H56 -> 120
C34: NIT: | D34: =VLOOKUP(A32,'CAPACIDAD RESIDUAL'!$A$6:$D$304,3,FALSE) -> 43.150.821-1 | F34: =$C$58 -> Capacidad Financiera (CF) | I34: =H62 -> 40 | J34: =IF(K32>$E$9,"CUMPLE","NO CUMPLE") -> CUMPLE
F35: =$C$65 -> Capacidad Técnica (CT) | I35: =H67 -> 20
C36: PARTICIPACION: | D36: =IF(A32="","",VLOOKUP(A32,'CAPACIDAD RESIDUAL'!$A$6:$D$304,4,FALSE)) -> 0.55 | F36: =$C$70 -> Saldo de los Contratos en Ejecución (SCE) | I36: =N80 -> 0
C38: Capacidad de Organización (CO) | I38: Años de información financiera | K38: Capacidad de organización (CO)
C39: Tipo de información financiera que tiene el proponente o participantes del proponente plural: | G39: Mas de un (1) año | I39: Cinco (5) años o más | K39: Mayor ingreso operacional de los últimos cinco años
C40: Año - Documento Estado de Resultado o Estado Pérdida o Ganancias | G40: 2021 | I40: Entre uno (1) y cinco (5) años | K40: Mayor ingreso operacional de los años de vida del oferente.
C41: =IF(G39="","",IF(G39=$S$5,"Valor umbral Mipyme.","Total Ingresos Operacionales Acreditados")) -> Total Ingresos Operacionales Acreditados | G41: 4861893157 | I41: Menos de un (1) año | K41: USD 125.000 | M41: 457297264
C42: Firmas Estados de Resultados
C43: CONTADOR | D43: ISABEL CRISTINA TABARES ROJAS | F43: Matricula y Certificado de antecedentes | H43: VIGENTE
C44: REVISOR FISCAL | D44: MONICA JANETH VASQUEZ HERNANDEZ | F44: Matricula y Certificado de antecedentes | H44: VIGENTE
C45: Capacidad de Organización del proponente o participantes del proponente plural: | G45: =IF(OR(H43="SIN VIGENCIA",H43="NO APORTA",H44="SIN VIGENCIA",H44="NO APORTA"),0,IF(G39="",0,IF(G39=$S$5,M41,IF(G41<M41,M41,G41)))) -> 4861893157
C47: Experiencia (E) | I47: Mayor a | J47: Menor o igual a | K47: Puntaje
C48: % de Participación en el presente proceso | G48: =D36 -> 0.55 | I48: 0 | J48: 3 | K48: 60
C49: Presupuesto estimado del Proceso de Contratación ($COP) | G49: =$E$5 -> 1169500932 | I49: 3 | J49: 6 | K49: 80
C50: RUP | I50: 6 | J50: 10 | K50: 100
C51: Contratos relacionados con la actividad de la construcción | G51: Valor COP | I51: 10 | J51: Mayores | K51: 120
C52: Formato 5.1A o Formato 5.1B | G52: 83280521090
C54: Valor total de los contratos relacionados con la actividad de la construcción (COP) | G54: =SUM(G51:H53) -> 83280521090
C55: Factor Experiencia | H55: =IF(OR(G48="",G48=0,G54=0),0,G54/(G49*G48)) -> 129.47329
C56: Puntaje por Experiencia | H56: =IF(H55<=J48,K48,IF(H55<=J49,K49,IF(H55<=J50,K50,K51))) -> 120
C58: Capacidad Financiera (CF) | I58: Mayor a igual a | J58: Menor a | K58: Puntaje
C59: Activo Corriente | H59: =VLOOKUP(A32,'CAPACIDAD FINANCIERA'!$A$6:$AK$308,5,FALSE) -> 3108611961 | I59: 0 | J59: 0.5 | K59: 20
C60: Pasivo Corriente | H60: =VLOOKUP(A32,'CAPACIDAD FINANCIERA'!$A$6:$AK$308,7,FALSE) -> 77518074 | I60: 0.5 | J60: 0.75 | K60: 25
C61: Índice de Liquidez | H61: =ROUND(IF(H59="",0,H59/H60),2) -> 40.1 | I61: 0.75 | J61: 1 | K61: 30
C62: Puntaje por Capacidad Financiera | H62: =IF(H61="",0,IF(H61<J59,K59,IF(H61<J60,K60,IF(H61<J61,K61,IF(H61<J62,K62,K63))))) -> 40 | I62: 1 | J62: 1.5 | K62: 35
I63: 1.5 | J63: Mayores | K63: 40
C65: Capacidad Técnica (CT) | I65: Desde | J65: Hasta | K65: Puntaje
C66: Número de socios y profesionales de la arquitectura, ingeniería y geología vinculados Formato 5.2 | H66: 1 | I66: 1 | J66: 5 | K66: 20
C67: Puntaje por Capacidad Técnica | H67: =IF(H66<I66,0,IF(H66<=J66,K66,IF(H66<=J67,K67,K68))) -> 20 | I67: 6 | J67: 10 | K67: 30
I68: 11 | J68: Mayores | K68: 40
C70: Saldo de los Contratos en Ejecución (SCE)
C71: Formato 5.3
C72: Contrato No. | D72: % de Participación | E72: Valor COP | F72: Plazo (meses) | G72: Fecha Inicio (dd-mm-aaaa) | H72: Suspensión No. 1 | I72: Reinicio No. 1 | J72: Suspensión No. 2 | K72: Reinicio No. 2 | L72: Saldo pendiente por ejecutar para contratos supendidos | M72: Plazo por ejecutar (días) | N72: Saldo COP
C74: 1 | D74: 1 | E74: 78921639 | F74: 1.13 | G74: 45533 | M74: =IF(C74="","",IF(IF(H74<>"",IF(I74<>"",IF(J74<>"",IF(K74<>"",G74+F74*30+(I74-H74)+(K74-J74)-$E$6,G74+F74*30+(I74-H74)-J74),G74+F74*30+(I74-H74)-$E$6),G74+F74*30-H74),G74+F74*30-$E$6)<0,0,IF(H74<>"",IF(I74<>"",IF(J74<>"",IF(K74<>"",G74+F74*30+(I74-H74)+(K74-J74)-$E$6,G74+F74*30+(I74-H74)-J74),G74+F74*30+(I74-H74)-$E$6),G74+F74*30-H74),G74+F74*30-$E$6))) -> 0 | N74: =IF(L74="",IF(C74="","",IF(M74<360,D74*E74*M74/(F74*30),D74*E74*360/(F74*30))),IF(C74="","",IF(M74<360,D74*L74*M74/(F74*30),D74*L74*360/(F74*30)))) -> 0
M75: =IF(C75="","",IF(IF(H75<>"",IF(I75<>"",IF(J75<>"",IF(K75<>"",G75+F75*30+(I75-H75)+(K75-J75)-$E$6,G75+F75*30+(I75-H75)-J75),G75+F75*30+(I75-H75)-$E$6),G75+F75*30-H75),G75+F75*30-$E$6)<0,0,IF(H75<>"",IF(I75<>"",IF(J75<>"",IF(K75<>"",G75+F75*30+(I75-H75)+(K75-J75)-$E$6,G75+F75*30+(I75-H75)-J75),G75+F75*30+(I75-H75)-$E$6),G75+F75*30-H75),G75+F75*30-$E$6))) | N75: =IF(L75="",IF(C75="","",IF(M75<360,D75*E75*M75/(F75*30),D75*E75*360/(F75*30))),IF(C75="","",IF(M75<360,D75*L75*M75/(F75*30),D75*L75*360/(F75*30))))
M76: =IF(C76="","",IF(IF(H76<>"",IF(I76<>"",IF(J76<>"",IF(K76<>"",G76+F76*30+(I76-H76)+(K76-J76)-$E$6,G76+F76*30+(I76-H76)-J76),G76+F76*30+(I76-H76)-$E$6),G76+F76*30-H76),G76+F76*30-$E$6)<0,0,IF(H76<>"",IF(I76<>"",IF(J76<>"",IF(K76<>"",G76+F76*30+(I76-H76)+(K76-J76)-$E$6,G76+F76*30+(I76-H76)-J76),G76+F76*30+(I76-H76)-$E$6),G76+F76*30-H76),G76+F76*30-$E$6))) | N76: =IF(L76="",IF(C76="","",IF(M76<360,D76*E76*M76/(F76*30),D76*E76*360/(F76*30))),IF(C76="","",IF(M76<360,D76*L76*M76/(F76*30),D76*L76*360/(F76*30))))
M77: =IF(C77="","",IF(IF(H77<>"",IF(I77<>"",IF(J77<>"",IF(K77<>"",G77+F77*30+(I77-H77)+(K77-J77)-$E$6,G77+F77*30+(I77-H77)-J77),G77+F77*30+(I77-H77)-$E$6),G77+F77*30-H77),G77+F77*30-$E$6)<0,0,IF(H77<>"",IF(I77<>"",IF(J77<>"",IF(K77<>"",G77+F77*30+(I77-H77)+(K77-J77)-$E$6,G77+F77*30+(I77-H77)-J77),G77+F77*30+(I77-H77)-$E$6),G77+F77*30-H77),G77+F77*30-$E$6))) | N77: =IF(L77="",IF(C77="","",IF(M77<360,D77*E77*M77/(F77*30),D77*E77*360/(F77*30))),IF(C77="","",IF(M77<360,D77*L77*M77/(F77*30),D77*L77*360/(F77*30))))
M78: =IF(C78="","",IF(IF(H78<>"",IF(I78<>"",IF(J78<>"",IF(K78<>"",G78+F78*30+(I78-H78)+(K78-J78)-$E$6,G78+F78*30+(I78-H78)-J78),G78+F78*30+(I78-H78)-$E$6),G78+F78*30-H78),G78+F78*30-$E$6)<0,0,IF(H78<>"",IF(I78<>"",IF(J78<>"",IF(K78<>"",G78+F78*30+(I78-H78)+(K78-J78)-$E$6,G78+F78*30+(I78-H78)-J78),G78+F78*30+(I78-H78)-$E$6),G78+F78*30-H78),G78+F78*30-$E$6))) | N78: =IF(L78="",IF(C78="","",IF(M78<360,D78*E78*M78/(F78*30),D78*E78*360/(F78*30))),IF(C78="","",IF(M78<360,D78*L78*M78/(F78*30),D78*L78*360/(F78*30))))
C80: Valor Total Saldo de los Contratos en Ejecución (SCE) | N80: =SUM(N73:N79) -> 0
A82: ID | C82: DATOS PROPONENTE | F82: RESUMEN DE EVALUACION
A83: =IF(A25="N/A","",A25) -> 5.2 | C83: PROPONENTE: | D83: =VLOOKUP(A83,'CAPACIDAD RESIDUAL'!$A$6:$D$304,2,FALSE) -> INCOCAZA S.A.S. | F83: =$C$38 -> Capacidad de Organización (CO) | I83: =G96 -> 2718961235 | J83: CR Total = | K83: =I83*(I84+I85+I86)/100-I87 -> 3.8780769e+09
F84: =$C$47 -> Experiencia (E) | I84: =H107 -> 120
C85: NIT: | D85: =VLOOKUP(A83,'CAPACIDAD RESIDUAL'!$A$6:$D$304,3,FALSE) -> 900.901.565-0 | F85: =$C$58 -> Capacidad Financiera (CF) | I85: =H113 -> 40 | J85: =IF(K83>$E$9,"CUMPLE","NO CUMPLE") -> CUMPLE
F86: =$C$65 -> Capacidad Técnica (CT) | I86: =H118 -> 20
C87: PARTICIPACION: | D87: =IF(A83="","",VLOOKUP(A83,'CAPACIDAD RESIDUAL'!$A$6:$D$304,4,FALSE)) -> 0.45 | F87: =$C$70 -> Saldo de los Contratos en Ejecución (SCE) | I87: =N131 -> 1.0160533e+09
C89: Capacidad de Organización (CO) | I89: Años de información financiera | K89: Capacidad de organización (CO)
C90: Tipo de información financiera que tiene el proponente o participantes del proponente plural: | G90: Mas de un (1) año | I90: Cinco (5) años o más | K90: Mayor ingreso operacional de los últimos cinco años
C91: Año - Documento Estado de Resultado o Estado Pérdida o Ganancias | G91: 2023 | I91: Entre uno (1) y cinco (5) años | K91: Mayor ingreso operacional de los años de vida del oferente.
C92: =IF(G90="","",IF(G90=$S$5,"Valor umbral Mipyme.","Total Ingresos Operacionales Acreditados")) -> Total Ingresos Operacionales Acreditados | G92: 2718961235 | I92: Menos de un (1) año | K92: USD 125.000 | M92: 457297264
C93: Firmas Estados de Resultados
C94: CONTADOR | D94: ISABEL CRISTINA TABARES ROJAS | F94: Matricula y Certificado de antecedentes | H94: VIGENTE
C95: REVISOR FISCAL | D95: MONICA JANETH VASQUEZ HERNANDEZ | F95: Matricula y Certificado de antecedentes | H95: VIGENTE
C96: Capacidad de Organización del proponente o participantes del proponente plural: | G96: =IF(OR(H94="SIN VIGENCIA",H94="NO APORTA",H95="SIN VIGENCIA",H95="NO APORTA"),0,IF(G90="",0,IF(G90=$S$5,M92,IF(G92<M92,M92,G92)))) -> 2718961235
C98: Experiencia (E) | I98: Mayor a | J98: Menor o igual a | K98: Puntaje
C99: % de Participación en el presente proceso | G99: =D87 -> 0.45 | I99: 0 | J99: 3 | K99: 60
C100: Presupuesto estimado del Proceso de Contratación ($COP) | G100: =$E$5 -> 1169500932 | I100: 3 | J100: 6 | K100: 80
C101: RUP | I101: 6 | J101: 10 | K101: 100
C102: Contratos relacionados con la actividad de la construcción | G102: Valor COP | I102: 10 | J102: Mayores | K102: 120
C103: Formato 5.1A o Formato 5.1B | G103: 14356778150
C105: Valor total de los contratos relacionados con la actividad de la construcción (COP) | G105: =SUM(G102:H104) -> 14356778150
C106: Factor Experiencia | H106: =IF(OR(G99="",G99=0,G105=0),0,G105/(G100*G99)) -> 27.279971
C107: Puntaje por Experiencia | H107: =IF(H106<=J99,K99,IF(H106<=J100,K100,IF(H106<=J101,K101,K102))) -> 120
C109: Capacidad Financiera (CF) | I109: Mayor a igual a | J109: Menor a | K109: Puntaje
C110: Activo Corriente | H110: =VLOOKUP(A83,'CAPACIDAD FINANCIERA'!$A$6:$AK$308,5,FALSE) -> 1673388817 | I110: 0 | J110: 0.5 | K110: 20
C111: Pasivo Corriente | H111: =VLOOKUP(A83,'CAPACIDAD FINANCIERA'!$A$6:$AK$308,7,FALSE) -> 122152675 | I111: 0.5 | J111: 0.75 | K111: 25
C112: Índice de Liquidez | H112: =ROUND(IF(H110="",0,H110/H111),2) -> 13.7 | I112: 0.75 | J112: 1 | K112: 30
C113: Puntaje por Capacidad Financiera | H113: =IF(H112="",0,IF(H112<J110,K110,IF(H112<J111,K111,IF(H112<J112,K112,IF(H112<J113,K113,K114))))) -> 40 | I113: 1 | J113: 1.5 | K113: 35
I114: 1.5 | J114: Mayores | K114: 40
C116: Capacidad Técnica (CT) | I116: Desde | J116: Hasta | K116: Puntaje
C117: Número de socios y profesionales de la arquitectura, ingeniería y geología vinculados Formato 5.2 | H117: 1 | I117: 1 | J117: 5 | K117: 20
C118: Puntaje por Capacidad Técnica | H118: =IF(H117<I117,0,IF(H117<=J117,K117,IF(H117<=J118,K118,K119))) -> 20 | I118: 6 | J118: 10 | K118: 30
I119: 11 | J119: Mayores | K119: 40
...
